 Dungeon Crawl Stone Soup version 0.24.0-125-gc4c63601f3 (webtiles) character file.

Game seed: 7063443680682927527, levelgen mode: deterministic

16551668 barcode the Intangible (level 27, 309/309 HPs)
             Began as a Gnoll Ice Elementalist on Feb 17, 2020.
             Was an Initiate of Gozag.
             Escaped with the Orb
             ... and 15 runes on Feb 18, 2020!
             The game lasted 07:24:01 (94408 turns).

barcode the Intangible (Gnoll Ice Elementalist)    Turns: 94408, Time: 07:24:02

Health: 309/309    AC: 43    Str: 11    XL:     27
Magic:  2/51       EV: 29    Int: 34    God:    Gozag
Gold:   3088       SH: 40    Dex: 18    Spells: 4/75 levels left

rFire    + + +     SeeInvis +   H - +9 eveningstar (holy)
rCold    + + +     Gourm    .   m - +18 shield of the Gong {rElec rN+ MR+ EV-5}
rNeg     + + +     Faith    .   (armour currently unavailable)
rPois    ∞         Spirit   .   J - -2 hat of the Alchemist {rElec rPois rF+ rC+ rN+ MR+ rMut rCorr}
rElec    +         Reflect  +   t - scarf {rC+ rF+}
rCorr    +         Harm     .   (gloves currently unavailable)
rMut     +         Rnd*Tele +   (boots currently unavailable)
MR       ++++.                  n - amulet "Hisix" {Reflect rC++ Int-5 Dex+2 SH+4 SInv}
Stlth    +++.......             i - ring of Robustness {AC+8}
HPRegen  0.61/turn              o - ring of Campumne {*Drain rF+ Int+4 Slay+2}
MPRegen  0.32/turn

@: brilliant, statue-form, gold aura, flying, very slightly contaminated,
hasted, deflect missiles, quick
A: distributed training, fangs 1, horns 1, talons 1, poison resistance,
teleportitis 1, strong nose
0: Orb of Zot
}: 15/15 runes: serpentine, barnacled, slimy, silver, golden, iron, obsidian,
icy, bone, abyssal, demonic, glowing, magical, fiery, dark
a: End Transformation, Potion Petition, Call Merchant, Bribe Branch, Renounce
Religion


You escaped.
You worshipped Gozag.
Gozag was most pleased with you.
You were not hungry.
You were a stone statue.
You visited 18 branches of the dungeon, and saw 89 of its levels.
You visited Pandemonium 1 time, and saw 15 of its levels.
You visited the Abyss 1 time.
You also visited: Ice Cave.

You collected 55585 gold pieces.
You spent 18153 gold pieces at shops.
You paid 34344 gold pieces to Gozag.

Inventory:

Hand Weapons
 y - the +7 Singing Sword {slice, sonic wave}
   (You took it off a tengu reaver on level 4 of the Depths)

   It inflicts extra damage upon your enemies.
 H - a +9 eveningstar of holy wrath (weapon)
 R - the +4 staff of Dispater
   (You took it off Dispater on level 7 of the Iron City of Dis)
Missiles
 B - 14 throwing nets
 W - 43 silver javelins (quivered)
Armour
 m - the +18 shield of the Gong (worn) {rElec rN+ MR+ EV-5}
   (You bought it in a shop on level 8 of the Dungeon)

   It affects your evasion (-5).
   It insulates you from electricity.
   It protects you from negative energy.
   It affects your resistance to hostile enchantments.
 r - the +0 pair of gloves "Reanakk" (melded) {rC+ Regen+ Str+7}
   (You found it on level 4 of the Lair of Beasts)

   It affects your strength (+7).
   It protects you from cold.
   It increases your rate of regeneration.
 t - a scarf of resistance (worn)
 J - the -2 hat of the Alchemist (worn) {rElec rPois rF+ rC+ rN+ MR+ rMut rCorr}
   (You found it on level 1 of the Depths)

   It protects you from fire.
   It protects you from cold.
   It insulates you from electricity.
   It protects you from poison.
   It protects you from negative energy.
   It affects your resistance to hostile enchantments.
   It provides partial protection from all sources of acid and corrosion.
   It protects you from mutation.
 M - the +8 orange crystal plate armour (melded) {Archmagi, Int+3 Clar}
   (You bought it in a shop on level 2 of the Lair of Beasts)

   It affects your intelligence (+3).
   It protects you against confusion.
 N - the -1 pair of boots of Dararch (melded) {*Contam MR+ Dex+2 Slay+3}
   (You bought it in a shop on level 2 of the Lair of Beasts)

   It affects your dexterity (+2).
   It affects your accuracy and damage with ranged weapons and melee attacks
   (+3).
   It affects your resistance to hostile enchantments.
   It causes magical contamination when unequipped.
Jewellery
 i - the ring of Robustness (left hand) {AC+8}
   (You bought it in a shop on level 4 of the Vaults)

   [ring of protection]

   It affects your AC (+8).
 n - the amulet "Hisix" (around neck) {Reflect rC++ Int-5 Dex+2 SH+4 SInv}
   (You took it off a spriggan defender on level 4 of the Depths)

   [amulet of reflection]

   It shields you and reflects attacks.
   It affects your intelligence (-5).
   It affects your dexterity (+2).
   It greatly protects you from cold.
   It lets you see invisible.
   It affects your SH (+4).
 o - the ring of Campumne (right hand) {*Drain rF+ Int+4 Slay+2}
   (You found it on level 7 of Cocytus)

   [ring of protection from fire]

   It affects your intelligence (+4).
   It affects your accuracy and damage with ranged weapons and melee attacks
   (+2).
   It protects you from fire.
   It causes draining when unequipped.
 C - the ring of the Stallion {rElec rF+ rC+}
   (You found it on level 3 of the Vaults)

   [ring of protection from fire]

   It protects you from fire.
   It protects you from cold.
   It insulates you from electricity.
 T - the amulet of Elaodgha {+Blink Regen+ Int-5 Dex+4}
   (You bought it in a shop on level 4 of the Vaults)

   [amulet of regeneration]

   It affects your intelligence (-5).
   It affects your dexterity (+4).
   It lets you blink.
   It increases your rate of regeneration.
 V - the macabre finger necklace {rN+}
   (You bought it in a shop in the Vestibule of Hell)

   [amulet of nothing]

   It protects you from negative energy.
Wands
 b - a wand of disintegration (35)
 k - a wand of acid (33)
 l - a wand of iceblast (45)
 u - a wand of scattershot (15)
 w - a wand of paralysis (49)
 D - a wand of digging (29)
 F - a wand of clouds (9)
Scrolls
 a - 11 scrolls of fog
 d - 12 scrolls of teleportation
 e - a scroll of summoning
 h - 12 scrolls of fear
 p - 42 scrolls of remove curse
 s - 6 scrolls of immolation
 x - 4 scrolls of magic mapping
 L - 8 scrolls of vulnerability
 U - 12 scrolls of blinking
 X - 14 scrolls of identify
Potions
 f - 5 potions of haste
 g - 3 potions of brilliance
 j - 4 potions of cancellation
 q - 6 potions of ambrosia
 z - 16 potions of curing
 A - 8 potions of heal wounds
 E - 5 potions of berserk rage
 G - 12 potions of might
 K - 7 potions of invisibility
 Q - 4 potions of agility
 S - 3 potions of resistance
 Z - a potion of magic
Miscellaneous
 I - 6 phantom mirrors
 O - a lamp of fire
 P - a lightning rod (4/4)
 Y - a phial of floods
Comestibles
 c - 24 rations


   Skills:
 + Level 24.2 Fighting
 + Level 24.2 Short Blades
 + Level 24.2 Long Blades
 + Level 24.2 Axes
 + Level 24.2 Maces & Flails
 + Level 24.2 Polearms
 + Level 24.2 Staves
 + Level 24.2 Slings
 + Level 24.2 Bows
 + Level 24.2 Crossbows
 + Level 24.2 Throwing
 + Level 24.2 Armour
 O Level 27 Dodging
 + Level 24.4 Stealth
 O Level 27 Shields
 + Level 24.2 Unarmed Combat
 + Level 24.5 Spellcasting
 + Level 21.1 Conjurations
 + Level 21.1 Hexes
 + Level 21.1 Charms
 + Level 21.1 Summonings
 + Level 21.1 Necromancy
 + Level 21.1 Translocations
 + Level 21.1 Transmutations
 + Level 21.1 Fire Magic
 + Level 21.5 Ice Magic
 + Level 21.1 Air Magic
 + Level 21.1 Earth Magic
 + Level 21.1 Poison Magic
 + Level 25.9 Invocations
 + Level 24.2 Evocations


You had 4 spell levels left.
You knew the following spells:

 Your Spells              Type           Power        Failure   Level  Hunger
a - Shatter               Erth           ########..   1%          9    ####...
b - Statue Form           Tmut/Erth      ########.    0%          6    None
c - Apportation           Tloc           ######       0%          1    None
d - Deflect Missiles      Chrm/Air       ########..   0%          6    None
e - Regeneration          Chrm/Necr      ########..   0%          3    None
f - Irradiate             Conj/Tmut      ########..   0%          5    None
g - Ignition              Fire           ########..   1%          8    #......
h - Silence               Hex/Air        ########..   0%          5    None
k - Borgnjor's Vile Clut  Necr/Erth      ########..   0%          5    None
l - Blink                 Tloc           N/A          0%          2    None
m - Aura of Abjuration    Summ           ########..   0%          5    None
n - Ring of Flames        Chrm/Fire      ########..   1%          7    None
o - Tornado               Air            ########..   1%          9    ####...

Your spell library contained the following spells:

 Spells                   Type           Power        Failure   Level  Hunger
 Animate Skeleton         Necr           N/A          0%          1    None
 Beastly Appendage        Tmut           ######       0%          1    None
 Confusing Touch          Hex            ######       0%          1    None
 Corona                   Hex            #######      0%          1    None
 Flame Tongue             Conj/Fire      #####        0%          1    None
 Freeze                   Ice            ####         0%          1    None
 Infusion                 Chrm           ####         0%          1    None
 Magic Dart               Conj           ####         0%          1    None
 Pain                     Necr           ####         0%          1    None
 Sandblast                Erth           ######       0%          1    None
 Shock                    Conj/Air       ####         0%          1    None
 Sting                    Conj/Pois      ####         0%          1    None
 Summon Small Mammal      Summ           ####         0%          1    None
 Corpse Rot               Necr           N/A          0%          2    None
 Ensorcelled Hibernation  Hex/Ice        ######       0%          2    None
 Passwall                 Tmut/Erth      ########     0%          2    None
 Poisonous Vapours        Pois/Air       ######       0%          2    None
 Searing Ray              Conj           ######       0%          2    None
 Shroud of Golubria       Chrm/Tloc      ######       0%          2    None
 Slow                     Hex            ########     0%          2    None
 Song of Slaying          Chrm           ########     0%          2    None
 Sticks to Snakes         Tmut           ########     0%          2    None
 Sublimation of Blood     Necr           ########..   0%          2    None
 Swiftness                Chrm/Air       ########     0%          2    None
 Throw Flame              Conj/Fire      ######       0%          2    None
 Throw Frost              Conj/Ice       ######       0%          2    None
 Confuse                  Hex            ########     0%          3    None
 Conjure Flame            Conj/Fire      ########     0%          3    None
 Dazzling Spray           Conj/Hex       ######       0%          3    None
 Gell's Gravitas          Tloc           ########..   0%          3    None
 Inner Flame              Hex/Fire       ########     0%          3    None
 Lesser Beckoning         Tloc           ########..   0%          3    None
 Mephitic Cloud           Conj/Pois/Air  ########     0%          3    None
 Ozocubu's Armour         Chrm/Ice       ########     0%          3    None
 Portal Projectile        Hex/Tloc       ######       0%          3    None
 Recall                   Summ/Tloc      N/A          0%          3    None
 Spectral Weapon          Hex/Chrm       ########     0%          3    None
 Spider Form              Tmut/Pois      ########..   0%          3    None
 Static Discharge         Conj/Air       ########     0%          3    None
 Stone Arrow              Conj/Erth      ######       0%          3    None
 Teleport Other           Tloc           ########     0%          3    None
 Tukima's Dance           Hex            ########     0%          3    None
 Vampiric Draining        Necr           ########..   0%          3    None
 Airstrike                Air            ########..   0%          4    None
 Animate Dead             Necr           N/A          0%          4    None
 Cause Fear               Hex            ########..   0%          4    None
 Force Lance              Conj/Tloc      ########     0%          4    None
 Fulminant Prism          Conj/Hex       ########..   0%          4    None
 Ice Form                 Ice/Tmut       ########     0%          4    None
 Iskenderun's Mystic Bla  Conj           ########     0%          4    None
 Leda's Liquefaction      Hex/Erth       ########..   0%          4    None
 Olgreb's Toxic Radiance  Pois           ########     0%          4    None
 Petrify                  Tmut/Erth      ########     0%          4    None
 Sticky Flame             Conj/Fire      ########     0%          4    None
 Summon Ice Beast         Ice/Summ       ########     0%          4    None
 Throw Icicle             Conj/Ice       ########     0%          4    None
 Agony                    Necr           ########     0%          5    None
 Blade Hands              Tmut           ########..   0%          5    None
 Bolt of Magma            Conj/Fire/Erth ########..   0%          5    None
 Excruciating Wounds      Chrm/Necr      ########..   0%          5    None
 Fireball                 Conj/Fire      ########..   0%          5    None
 Iskenderun's Battlesphe  Conj/Chrm      ########     0%          5    None
 Lee's Rapid Deconstruct  Erth           ########..   0%          5    None
 Lightning Bolt           Conj/Air       ########..   0%          5    None
 Metabolic Englaciation   Hex/Ice        ########..   0%          5    None
 Summon Demon             Summ           ########..   0%          5    None
 Summon Forest            Summ/Tloc      ########..   0%          5    None
 Summon Mana Viper        Hex/Summ       ########     0%          5    None
 Venom Bolt               Conj/Pois      ########..   0%          5    None
 Yara's Violent Unravell  Hex/Tmut       ########..   0%          5    None
 Bolt of Cold             Conj/Ice       ########..   0%          6    None
 Bolt of Fire             Conj/Fire      ########..   0%          6    None
 Conjure Ball Lightning   Conj/Air       ########..   0%          6    None
 Darkness                 Hex            ########..   0%          6    None
 Death Channel            Necr           ########..   0%          6    None
 Freezing Cloud           Conj/Ice/Air   ########..   0%          6    None
 Hydra Form               Tmut           ########..   0%          6    None
 Iron Shot                Conj/Erth      ########..   0%          6    None
 Ozocubu's Refrigeration  Ice            ########..   0%          6    None
 Shadow Creatures         Summ           N/A          0%          6    None
 Simulacrum               Ice/Necr       ########..   0%          6    None
 Dragon Form              Tmut           ########..   1%          7    None
 Malign Gateway           Summ/Tloc      ########..   1%          7    None
 Orb of Destruction       Conj           ########..   1%          7    None
 Spellforged Servitor     Conj/Summ      ########..   1%          7    None
 Discord                  Hex            ########..   1%          8    #......
 Dragon's Call            Summ           ########..   1%          9    ####...
 Passage of Golubria      Tloc           Unusable     N/A         4    N/A

Dungeon Overview and Level Annotations

Branches:
Dungeon (15/15)            Temple (1/1) D:6            Lair (6/6) D:9
 Shoals (4/4) Lair:4        Snake (4/4) Lair:2        Slime (5/5) Lair:5
    Orc (2/2) D:9             Elf (3/3) Orc:2        Vaults (5/5) D:13
  Crypt (3/3) Vaults:3       Tomb (3/3) Crypt:3      Depths (5/5) D:15
   Hell (visited)             Dis (7/7) Hell            Geh (7/7) Hell
    Coc (7/7) Hell            Tar (7/7) Hell            Zot (5/5) Depths:5
  IceCv (visited)

Altars:
Ashenzari
Cheibriados
Dithmenos
Elyvilon
Fedhas
Gozag
Hepliaklqana
Kikubaaqudgha
Makhleb
Nemelex Xobeh
Okawaru
Qazlal
Ru
Sif Muna
Trog
Uskayaw
Vehumet
Wu Jian
Xom
Yredelemnul
Zin
The Shining One
Beogh
Jiyva

Shops:
D:8 [   D:9 %}%:=   Orc:2 }[(}   Elf:1 !   Elf:2 *   Elf:3 [   Lair:2 [[
Lair:3 (   Snake:3 ==}   Vaults:1 *(   Vaults:2 **%   Vaults:4 =   Tomb:1 [
Hell (=   Depths:5 !=(:(=

Portals:
Hell: Depths:1 Depths:2 Depths:3 Depths:4 Depths:5
Abyss: Depths:1 Depths:3 Depths:4 Depths:5
Pandemonium: Depths:1 Depths:2 Depths:3 Depths:4 Depths:5
Ziggurat: Depths:2
Trove: Vaults:2 (give 3 potions of resistance)

Annotations:
Lair:2 exclusion: door
Elf:3 1 exclusion


Innate Abilities, Weirdness & Mutations

Your experience applies equally to all skills.
You have very sharp teeth.
Your uncanny sense of smell can sniff out nearby items.
You have a pair of small horns on your head.
You have sharp toenails.
Your system is resistant to poisons. (rPois)
You are occasionally teleported next to monsters.


Message History

Unknown command. [a] - 315 gold - flight, agility and invisibility [b] - 352 gold - heal wounds, curing and magic [c] - 660 gold - heal wounds, curing, magic, resistance and agility Purchase which effect?
You no longer have enough gold to fund merchants seeking to open stores in the dungeon.
You feel much better.
You feel better. Magic courses through your body.
Unknown command.
Unknown command.
Casting: Shatter (safe; 1% risk of failure)
Confirm with . or Enter, or press ? or * to list all spells.
The dungeon rumbles!
Ka-crash!
Casting: Shatter (safe; 1% risk of failure)
Confirm with . or Enter, or press ? or * to list all spells.
The dungeon rumbles!
Ka-crash!
Casting: Shatter (safe; 1% risk of failure)
Confirm with . or Enter, or press ? or * to list all spells.
The dungeon rumbles!
Ka-crash!
Unknown command.
You have escaped!

.##............
...............#########
....≈≈≈≈≈≈≈≈≈.......##..
....≈≈≈≈≈≈≈≈...≈≈.......
#...≈≈≈.≈....≈.≈≈≈.≈(..#
#..≈≈≈....≈≈≈.≈.≈≈.≈..#
#..≈.....≈≈≈.≈≈≈..≈....
#..≈..8..≈≈≈≈≈≈≈≈≈.....
....≈≈....≈≈.≈≈≈≈..≈....
..#.≈≈≈≈...≈≈≈≈≈≈.≈≈≈...
#..#≈≈≈≈......≈≈≈≈≈...#.
.#..≈≈≈≈≈≈≈..$..≈≈....#.
...≈≈≈≈≈≈≈≈≈...........
.#.............#..#$....
.#...........>.........
#.......###...##.#.4.


There were no monsters in sight!

Vanquished Creatures
  Cerebov (Pan)
  Asmodeus (Geh:7)
  5 pandemonium lords
  Antaeus (Coc:7)
  the Royal Jelly (Slime:5)
  Gloorx Vloq (Pan)
  Lom Lobon (Pan)
  Ereshkigal (Tar:7)
  Mnoleg (Pan)
  3 orbs of fire
  Dispater (Dis:7)
  9 ancient liches
  Mara (Depths:1)
  Mennas (Depths:4)
  3 juggernauts
  28 greater mummies
  Sojobo (Vaults:4)
  4 shard shrikes (Coc:7)
  Frederick (Crypt:1)
  2 Killer Klowns (Zot:5)
  Margery (Depths:4)
  Geryon (Hell)
  3 curse toes
  9 golden dragons
  Nikola (Elf:3)
  4 profane servitors
  13 bone dragons
  6 doom hounds
  14 Tzitzimimeh
  16 Brimstone Fiends
  3 hellephants (Abyss:5)
  3 electric golems
  14 Ice Fiends
  14 tentacled monstrosities
  Jorgrun (D:12)
  5 iron giants
  15 Orb Guardians
  17 Hell Sentinels
  Asterion (Vaults:2)
  3 deep elf master archers (Elf:3)
  5 titans
  A deep elf blademaster (Elf:3)
  6 quicksilver dragons
  16 liches
  4 eldritch tentacles
  A kraken (Shoals:4)
  4 death cobs
  32 tentacled starspawn
  23 Executioners
  Polyphemus (Shoals:2)
  15 ancient champions
  4 sphinxes
  17 acid blobs
  Agnes (Elf:1)
  9 tengu reavers
  Donald (Snake:4)
  5 revenants
  12 storm dragons
  10 shadow dragons
  20 azure jellies
  18 fire giants
  10 nagarajas
  15 frost giants
  2 draconian knights
  5 blood saints (Pan)
  24 cacodemons
  12 vault wardens
  4 ghost moths
  12 deep elf sorcerers
  3 deep elf elementalists (Elf:3)
  5 draconian scorchers
  28 balrugs
  2 orc warlords
  16 iron dragons
  2 curse skulls (Pan)
  Aizul (Snake:3)
  6 warmongers
  4 draconian stormcallers
  13 ghouls
  An angel (Abyss:5)
  4 draconian annihilators
  9 ironheart preservers
  An ophan (Abyss:5)
  51 reapers
  A spriggan defender (Depths:4)
  45 very ugly things
  20 war gargoyles
  2 elemental wellsprings (Coc:7)
  An entropy weaver (Vaults:5)
  21 stone giants
  23 vampire knights
  8 deep elf demonologists
  13 deep elf annihilators
  15 lorocyprocas
  5 corrupters (Pan)
  2 dire elephants
  14 bennus
  4 green draconians
  Azrael (Snake:3)
  8 black suns
  A spark wasp (Depths:3)
  Nessos (Lair:4)
  6 black draconians
  2 pale draconians (Depths:5)
  6 purple draconians
  7 red draconians
  4 white draconians
  6 yellow draconians
  11 ettins
  7 eidola
  An ettin (shapeshifter) (Vaults:2)
  A crystal guardian (Vaults:3)
  20 fire dragons
  4 merfolk javelineers (Shoals:4)
  10 green deaths
  32 mummy priests
  8 deep elf death magi
  12 death oozes (Slime:5)
  Snorg (Lair:6)
  The ghost of LambertSimnel the Covert, a journeyman OpEE of Elyvilon (Lair:4)
  26 blizzard demons
  15 great orbs of eyes
  9 merfolk impalers
  6 quicksilver dragon zombies
  12 yaktaur captains
  11 jiangshi
  4 deep elf high priests
  29 ice dragons
  A kraken zombie (Coc:7)
  9 ogre magi
  11 rakshasas
  Erolcha (Orc:1)
  35 vault guards
  A great orb of eyes (shapeshifter) (Elf:3)
  A hell beast (D:4)
  7 monstrous demonspawn
  3 spriggan air magi
  2 hydras
  4 catoblepae
  3 quicksilver dragon skeletons
  18 naga warriors
  2 juggernaut simulacra (Pan)
  13 anacondas
  4 merfolk avatars
  16 centaur warriors
  7 merfolk aquamancers
  2 death knights
  9 tengu warriors
  18 deep troll shamans
  6 death yaks
  4 satyrs
  46 thrashing horrors
  An alligator snapping turtle (Shoals:4)
  7 naga sharpshooters
  22 two-headed ogres
  3 deep troll earth magi
  77 death scarabs
  7 spriggan berserkers
  43 hell hogs
  4 titan zombies
  10 iron golems
  9 vampire magi
  14 deep elf knights
  7 shock serpents
  3 orc high priests (Orc:2)
  33 wretched stars
  Urug (D:13)
  59 hell knights
  30 sun demons
  37 sixfirhies
  2 titan skeletons
  A ghost moth zombie (Crypt:2)
  24 soul eaters
  3 storm dragon skeletons
  14 storm dragon zombies
  121 skeletal warriors
  4 golden dragon zombies
  18 iron trolls
  An unseen horror (shapeshifter) (Depths:2)
  2 unseen horrors
  118 large abominations
  2 salamander mystics (Snake:4)
  4 spatial maelstroms (Abyss:5)
  9 infernal demonspawn
  4 anaconda zombies
  17 sea snakes
  A fire crab (shapeshifter) (D:15)
  2 swamp dragons
  7 torturous demonspawn
  20 shadow wraiths
  33 deep trolls
  8 wizards
  123 starcursed masses
  15 glowing orange brains
  22 shadow demons
  2 shadow dragon zombies
  3 naga ritualists
  15 deep elf archers
  7 gelid demonspawn (Pan)
  15 flayed ghosts
  37 phantasmal warriors
  26 necromancers
  A deep troll (shapeshifter) (Vaults:5)
  14 ironbrand convokers
  A sphinx zombie (Vaults:1)
  2 lindwurms (Lair:6)
  9 harpies
  2 orange crystal statues (Abyss:5)
  4 mana vipers
  6 anaconda skeletons
  6 wolf spider zombies
  An orb spider (Abyss:3)
  3 golden dragon skeletons
  6 fire giant zombies
  59 deep elf magi
  23 ugly things
  10 orc knights
  6 orc sorcerers
  9 stone giant zombies
  9 iron dragon zombies
  13 fauns
  A salamander (shapeshifter) (Abyss:1)
  4 frost giant zombies
  6 cyclopes
  4 shining eyes
  3 oklob plants
  6 wolf spiders
  11 manticores
  6 elephants
  3 dire elephant zombies
  35 black mambas
  5 shadow dragon skeletons
  10 worldbinders
  A guardian serpent (shapeshifter) (Depths:1)
  51 rust devils
  8 merfolk sirens
  3 fire giant skeletons
  An iron dragon skeleton (Crypt:2)
  14 moths of wrath
  9 salamanders
  20 naga magi
  8 water nymphs
  3 frost giant skeletons
  6 stone giant skeletons
  2 black mambas (shapeshifter)
  5 molten gargoyles
  A water nymph (shapeshifter) (Depths:5)
  11 guardian serpents
  3 shock serpent zombies
  8 apocalypse crabs
  7 spiny frogs
  9 ice statues
  A spiny frog (shapeshifter) (D:15)
  50 smoke demons
  13 vault sentinels
  5 centaur zombies
  27 hellions
  An eye of devastation (Slime:3)
  16 orange demons
  2 orc skeletons
  A human zombie (Vaults:1)
  2 shock serpent skeletons
  A spectral swamp worm (Tar:7)
  7 rime drakes
  4 dire elephant skeletons
  2 catoblepas zombies
  A redback zombie (Crypt:3)
  5 emperor scorpion zombies
  38 yaktaurs
  4 tengu conjurers
  24 tormentors
  44 guardian mummies
  4 komodo dragons
  22 hellwings
  4 anaconda simulacra
  26 ancient zymes
  10 efreet
  32 freezing wraiths
  A minotaur skeleton (Crypt:2)
  11 demonic crawlers
  4 harpy zombies
  41 ice devils
  A green draconian skeleton (Crypt:2)
  10 hydra zombies
  2 catoblepas skeletons
  30 merfolk
  9 trolls
  A polar bear (Lair:4)
  46 red devils
  A shadow dragon simulacrum (Tomb:2)
  A meliai (shapeshifter) (Vaults:1)
  A troll (shapeshifter) (Elf:2)
  2 wolf spider simulacra (IceCv)
  A wind drake (shapeshifter) (Depths:1)
  A hornet (Depths:2)
  8 wind drakes
  5 dream sheep
  11 blink frogs
  3 ettin zombies
  3 fire dragon zombies
  A jumping spider zombie (Crypt:3)
  A hornet (shapeshifter) (Vaults:5)
  2 blink frogs (shapeshifter)
  75 raiju
  84 slime creatures
  4 spriggan zombies
  10 bog bodies
  5 hydra skeletons
  4 alligator zombies
  3 harpy skeletons
  8 ice dragon zombies
  A fire giant simulacrum (Crypt:1)
  A frost giant simulacrum (Abyss:5)
  2 stone giant simulacra
  14 hippogriffs
  13 snapping turtles
  2 ice dragon skeletons
  A spriggan (shapeshifter) (D:14)
  3 air elementals
  2 black mamba zombies
  26 water elementals
  98 flying skulls
  A spriggan (Depths:2)
  Eustachio (D:5)
  5 fire dragon skeletons
  7 ettin skeletons
  A tarantella (shapeshifter) (Vaults:2)
  2 alligator skeletons
  34 yaks
  21 shadows
  5 vampires
  25 ynoxinuls
  2 black mamba skeletons
  A hog (shapeshifter) (Vaults:5)
  A redback (Vaults:5)
  15 ushabtiu
  37 wraiths
  A basilisk (shapeshifter) (D:15)
  3 fire bats (Geh:3)
  2 humans (shapeshifter)
  A dire elephant simulacrum (IceCv)
  4 basilisks
  32 chaos spawn
  3 wyverns
  16 humans (D:13)
  23 fire elementals
  7 hungry ghosts
  7 golden eyes
  10 wargs
  An emperor scorpion simulacrum (Crypt:2)
  31 neqoxecs
  Menkaure (D:4)
  A death yak simulacrum (IceCv)
  6 harpy simulacra (IceCv)
  3 steam dragons (Depths:5)
  9 spatial vortices (Abyss:5)
  13 insubstantial wisps (Abyss:5)
  A soldier ant (D:14)
  A monstrous demonspawn zombie (Crypt:1)
  19 water moccasins
  63 nagas
  6 hydra simulacra
  3 iron troll simulacra (IceCv)
  7 spiny frog zombies
  A merfolk zombie (Geh:5)
  3 acid dragons
  13 porcupines
  2 wandering mushrooms (Lair:3)
  A water nymph skeleton (Crypt:1)
  68 hell hounds
  3 floating eyes
  39 orc warriors
  2 alligator simulacra (Coc:7)
  A spriggan simulacrum (Depths:2)
  3 spiny frog skeletons
  An ettin simulacrum (IceCv)
  4 sky beasts
  4 black bears
  6 eyes of draining
  An eye of draining (shapeshifter) (Vaults:3)
  15 phantoms
  A black mamba simulacrum (Hell)
  7 snapping turtle zombies
  3 swamp dragon zombies
  21 necrophages
  An elephant zombie (Crypt:3)
  5 ice beasts
  A manticore zombie (Geh:7)
  30 ogres
  2 snapping turtle skeletons
  5 manticore skeletons
  20 boggarts
  A crocodile (shapeshifter) (Vaults:5)
  9 wolves
  36 centaurs
  6 crocodiles
  A swamp dragon skeleton (Crypt:1)
  4 big kobolds
  A yaktaur zombie (Crypt:2)
  15 bullfrogs
  5 earth elementals
  2 spiny frog simulacra
  7 scorpions
  44 small abominations
  A wyvern skeleton (D:12)
  2 water moccasin skeletons
  2 elephant simulacra (IceCv)
  A yak zombie (Crypt:3)
  10 killer bees
  A manticore simulacrum (Crypt:2)
  A queen bee zombie (Crypt:2)
  A snapping turtle simulacrum (Hell)
  65 wights
  3 electric eels
  2 howler monkeys
  A yak skeleton (Crypt:2)
  20 crimson imps
  A bullfrog zombie (D:12)
  3 draconian simulacra (IceCv)
  11 hounds
  5 quasits
  A human simulacrum (Vaults:1)
  11 jellies
  26 orc priests
  2 human skeletons
  26 orc wizards
  31 iron imps
  Jessica (D:2)
  6 bullfrog skeletons
  3 centaur skeletons
  A hell rat (Lair:6)
  4 iguanas
  10 worker ants
  Natasha (thrice) (D:4)
  3 troll simulacra (IceCv)
  A yak simulacrum (Lair:2)
  3 wolf simulacra
  A deep dwarf zombie (Crypt:2)
  5 centaur simulacra (IceCv)
  A sky beast zombie (Crypt:2)
  3 tengu zombies
  An ogre skeleton (Abyss:5)
  2 tengu skeletons
  A big kobold skeleton (Crypt:3)
  A crocodile skeleton (Crypt:3)
  A naga skeleton (Pan)
  A hound skeleton (D:10)
  55 mummies
  A worker ant zombie (D:5)
  A swamp drake zombie (Crypt:2)
  16 adders
  A naga simulacrum (IceCv)
  3 ogre simulacra (IceCv)
  16 shadow imps
  A swamp drake skeleton (Crypt:1)
  17 white imps
  10 ufetubi
  3 adder zombies
  15 oozes
  3 adder skeletons
  3 worms
  4 ball lightnings (Pan)
  3 dart slugs
  5 leopard geckos
  124 orcs
  4 ball pythons
  A giant cockroach (D:4)
  8 goblins
  8 hobgoblins
  6 jackals
  15 kobolds
  2 quokkas
  A ball python skeleton (D:4)
  3 bats
  5 frilled lizards
  A frilled lizard skeleton (Crypt:3)
  A giant cockroach zombie (Crypt:2)
  A kobold zombie (Dis:6)
  A leopard gecko skeleton (D:8)
  A quokka skeleton (D:4)
  A quokka zombie (Crypt:1)
  7 rats
  3 fire vortices
  6 fungi (Lair:1)
  3 lurking horrors
  6 plants
  26 starspawn tentacles
  5 tentacles
5200 creatures vanquished.

Vanquished Creatures (collateral kills)
  An ancient lich (Zot:5)
  A Killer Klown (Zot:5)
  3 golden dragons
  A bone dragon (Zot:1)
  An electric golem (Zot:5)
  2 tentacled monstrosities
  14 Orb Guardians (Zot:5)
  3 quicksilver dragons
  A death cob (Zot:2)
  A draconian monk (Zot:2)
  4 shadow dragons
  2 frost giants (Zot:1)
  5 storm dragons
  2 draconian knights (Zot:2)
  2 ghost moths
  A draconian annihilator (Zot:4)
  3 draconian scorchers
  A draconian shifter (Zot:4)
  3 green draconians
  A red draconian (Zot:4)
  3 black draconians
  4 white draconians
  2 yellow draconians
  An ettin (Zot:1)
  An ice dragon (Zot:1)
  7 moths of wrath
  A golden eye (Zot:3)
71 creatures vanquished.

Vanquished Creatures (others)
  2 ancient liches (Zot:5)
  A pandemonium lord (D:4)
  An electric golem (Zot:1)
  4 tentacled monstrosities
  An Orb Guardian (Zot:5)
  A titan (Zot:3)
  A quicksilver dragon (Zot:5)
  A tentacled starspawn (Abyss:5)
  A sphinx (Tomb:1)
  A death cob (Zot:4)
  5 storm dragons
  A draconian monk (Zot:4)
  2 frost giants
  A draconian scorcher (Zot:1)
  A vault warden (Vaults:5)
  A cacodemon (Dis:7)
  A draconian annihilator (Zot:1)
  A draconian shifter (Zot:2)
  A warmonger (Pan)
  2 elemental wellsprings
  4 green draconians
  6 draconian stormcallers (Zot:4)
  A blood saint (Pan)
  2 black draconians
  A vampire knight (Depths:1)
  2 purple draconians (Zot:4)
  3 red draconians (Zot:4)
  2 white draconians (Zot:1)
  2 yellow draconians (Zot:1)
  A blizzard demon (Pan)
  An ettin (Depths:5)
  An ice dragon (Depths:3)
  24 dancing weapons
  A hell hog (Geh:3)
  An ogre mage (Vaults:3)
  A thrashing horror (Abyss:5)
  2 sixfirhies (Pan)
  A deep elf knight (Elf:1)
  An unseen horror (Vaults:1)
  3 wizards
  6 large abominations
  7 moths of wrath
  A smoke demon (Pan)
  A titan simulacrum (Abyss:5)
  A hellwing (Pan)
  A harpy skeleton (Geh:5)
  2 raiju (Abyss:5)
  A hydra skeleton (Coc:1)
  2 wraiths (Geh:7)
  A neqoxec (Abyss:5)
  A chaos spawn (Pan)
  2 nagas
  An acid dragon (Depths:5)
  2 hell hounds (Depths:3)
  2 spiny frog skeletons
  An eye of draining (Abyss:5)
  A tengu (shapeshifter) (Zot:1)
  2 small abominations (Abyss:5)
  A wight (Geh:1)
  A centaur simulacrum (Abyss:5)
  4 ufetubi (IceCv)
  9 ball lightnings (Pan)
  A demonic plant (Pan)
  24 fungi
  A lurking horror (Abyss:5)
  17 plants
  84 starspawn tentacles
  6 tentacles
273 creatures vanquished.

Grand Total: 5544 creatures vanquished

Notes
Turn   | Place    | Note
-------+----------+-------------------------------------------
     0 | D:1      | barcode the Gnoll Ice Elementalist began the quest for the
                  | Orb.
     0 | D:1      | Reached XP level 1. HP: 13/13 MP: 6/6
   693 | D:1      | Reached XP level 2. HP: 19/19 MP: 2/7
  1108 | D:2      | Learned a level 2 spell: Throw Frost
  1124 | D:2      | Reached XP level 3. HP: 25/25 MP: 3/9
  1182 | D:2      | Reached skill level 5 in Spellcasting
  1576 | D:2      | Reached skill level 1 in Invocations
  1690 | D:2      | Noticed Jessica
  1694 | D:2      | Killed Jessica
  1694 | D:2      | Reached skill level 1 in Fighting
  1694 | D:2      | Reached skill level 1 in Short Blades
  1694 | D:2      | Reached skill level 1 in Long Blades
  1694 | D:2      | Reached skill level 1 in Axes
  1694 | D:2      | Reached skill level 1 in Maces & Flails
  1694 | D:2      | Reached skill level 1 in Polearms
  1694 | D:2      | Reached skill level 1 in Staves
  1694 | D:2      | Reached skill level 1 in Slings
  1694 | D:2      | Reached skill level 1 in Bows
  1694 | D:2      | Reached skill level 1 in Crossbows
  1694 | D:2      | Reached skill level 1 in Throwing
  1694 | D:2      | Reached skill level 1 in Armour
  1694 | D:2      | Reached skill level 1 in Shields
  1694 | D:2      | Reached skill level 1 in Unarmed Combat
  1694 | D:2      | Reached skill level 1 in Evocations
  1694 | D:2      | Reached XP level 4. HP: 32/32 MP: 3/11
  2150 | D:2      | Reached skill level 1 in Hexes
  2150 | D:2      | Reached skill level 1 in Charms
  2150 | D:2      | Reached skill level 1 in Summonings
  2150 | D:2      | Reached skill level 1 in Necromancy
  2150 | D:2      | Reached skill level 1 in Translocations
  2150 | D:2      | Reached skill level 1 in Transmutations
  2150 | D:2      | Reached skill level 1 in Fire Magic
  2150 | D:2      | Reached skill level 1 in Air Magic
  2150 | D:2      | Reached skill level 1 in Earth Magic
  2150 | D:2      | Reached skill level 1 in Poison Magic
  2150 | D:2      | Reached XP level 5. HP: 19/37 MP: 1/12
  2629 | D:3      | Learned a level 3 spell: Ozocubu's Armour
  3388 | D:4      | Noticed Natasha
  3393 | D:4      | Killed Natasha
  3393 | D:4      | Reached XP level 6. HP: 44/44 MP: 6/13
  3579 | D:4      | Reached skill level 5 in Dodging
  3966 | D:4      | Reached XP level 7. HP: 50/50 MP: 7/15
  4254 | D:4      | Noticed Menkaure
  4263 | D:4      | Killed Menkaure
  4341 | D:4      | Noticed Natasha
  4402 | D:4      | Killed Natasha
  4489 | D:4      | Noticed Natasha
  4494 | D:4      | Killed Natasha
  4835 | D:5      | Entered Level 5 of the Dungeon
  4837 | D:5      | Noticed Eustachio
  4867 | D:5      | Killed Eustachio
  4867 | D:5      | Reached skill level 5 in Stealth
  4944 | D:5      | Reached XP level 8. HP: 57/57 MP: 9/16
  5188 | D:5      | Learned a level 1 spell: Confusing Touch
  5418 | D:5      | Found a blossoming altar of Fedhas.
  6026 | D:6      | Found a staircase to the Ecumenical Temple.
  6038 | Temple   | Entered the Ecumenical Temple
  6130 | Temple   | Became a worshipper of Gozag Ym Sagoz the Greedy
  6567 | D:6      | Reached XP level 9. HP: 65/65 MP: 10/18
  8361 | D:8      | Reached skill level 5 in Invocations
  8695 | D:8      | Noticed Maurice
  8697 | D:8      | Noticed Maurice
  8697 | D:8      | Maurice changed into Maurice the acid dragon
  8704 | D:8      | Killed Maurice the acid dragon
  8800 | D:8      | Found a glowing golden altar of the Shining One.
  8964 | D:8      | Reached XP level 10. HP: 73/73 MP: 20/20
  9196 | D:8      | Bought a +2 buckler of positive energy for 296 gold pieces
  9311 | D:9      | Found a staircase to the Lair.
  9335 | D:9      | Reached skill level 5 in Fighting
  9335 | D:9      | Reached skill level 5 in Short Blades
  9335 | D:9      | Reached skill level 5 in Long Blades
  9335 | D:9      | Reached skill level 5 in Axes
  9335 | D:9      | Reached skill level 5 in Maces & Flails
  9335 | D:9      | Reached skill level 5 in Polearms
  9335 | D:9      | Reached skill level 5 in Staves
  9335 | D:9      | Reached skill level 5 in Slings
  9335 | D:9      | Reached skill level 5 in Bows
  9335 | D:9      | Reached skill level 5 in Crossbows
  9335 | D:9      | Reached skill level 5 in Throwing
  9335 | D:9      | Reached skill level 5 in Armour
  9335 | D:9      | Reached skill level 5 in Shields
  9335 | D:9      | Reached skill level 5 in Unarmed Combat
  9335 | D:9      | Reached skill level 5 in Evocations
  9528 | D:9      | Found Ucom's Gadget Shoppe.
  9672 | D:9      | Found Guoc's Food Boutique.
  9673 | D:9      | Found a staircase to the Orcish Mines.
  9708 | D:9      | Found Ytsixiel's Food Shoppe.
  9831 | D:9      | Found a white marble altar of Elyvilon.
  9910 | D:9      | Found Bumurot's Jewellery Shoppe.
 10119 | Lair:1   | Entered Level 1 of the Lair of Beasts
 10132 | Lair:1   | Learned a level 3 spell: Regeneration
 10137 | Lair:1   | Learned a level 4 spell: Animate Dead
 10299 | Lair:1   | Noticed an oklob plant
 10304 | Lair:1   | Killed an oklob plant
 10304 | Lair:1   | Reached skill level 5 in Conjurations
 10435 | Lair:1   | Noticed a spiny frog
 10448 | Lair:1   | Killed a spiny frog
 10652 | Lair:1   | Noticed a seven-headed hydra
 10819 | Lair:1   | Reached XP level 11. HP: 42/81 MP: 14/22
 11008 | Lair:1   | Learned a level 3 spell: Mephitic Cloud
 11013 | Lair:1   | Learned a level 4 spell: Olgreb's Toxic Radiance
 11055 | Lair:1   | Killed a seven-headed hydra
 11616 | Lair:2   | Reached skill level 5 in Hexes
 11616 | Lair:2   | Reached skill level 5 in Charms
 11616 | Lair:2   | Reached skill level 5 in Summonings
 11616 | Lair:2   | Reached skill level 5 in Necromancy
 11616 | Lair:2   | Reached skill level 5 in Translocations
 11616 | Lair:2   | Reached skill level 5 in Transmutations
 11616 | Lair:2   | Reached skill level 5 in Fire Magic
 11616 | Lair:2   | Reached skill level 5 in Air Magic
 11616 | Lair:2   | Reached skill level 5 in Earth Magic
 11616 | Lair:2   | Reached skill level 5 in Poison Magic
 11813 | Lair:2   | Found a staircase to the Snake Pit.
 12853 | Lair:2   | Noticed a necromancer
 12868 | Lair:2   | Killed a necromancer
 13355 | Lair:3   | Reached XP level 12. HP: 20/89 MP: 20/24
 14385 | Lair:3   | Noticed an eight-headed hydra
 14396 | Lair:3   | Killed an eight-headed hydra
 14863 | Lair:2   | Bought a +2 pair of gloves of archery for 301 gold pieces
 14928 | Lair:4   | Learned a level 4 spell: Force Lance
 15119 | Lair:4   | Found a runed translucent door.
 15268 | Lair:4   | Noticed LambertSimnel's ghost (journeyman OpEE)
 15553 | Lair:4   | Identified the +0 pair of gloves "Reanakk" {rC+ Regen+
                  | Str+7} (You found it on level 4 of the Lair of Beasts)
 15624 | Lair:4   | Noticed Nessos
 15644 | Lair:4   | Killed Nessos
 16027 | Lair:4   | You fall into a shaft and drop 2 floors!
 16027 | Lair:6   | Entered Level 6 of the Lair of Beasts
 16309 | Lair:6   | Got a warped turquoise ring
 16578 | Lair:6   | Identified the ring "Saefiun" {*Contam +Blink rF+ Dex-3
                  | SInv} (You found it on level 6 of the Lair of Beasts)
 16979 | Lair:6   | Noticed Snorg
 17020 | Lair:6   | Reached XP level 13. HP: 54/98 MP: 16/26
 17131 | Lair:6   | Killed Snorg
 17387 | Lair:6   | Noticed a dire elephant
 17576 | Lair:5   | Killed a dire elephant
 17944 | Lair:6   | Noticed a dire elephant
 18021 | Lair:6   | Upgraded the game from 0.24.0-124-g2791043dd8 to
                  | 0.24.0-125-gc4c63601f3
 18076 | Lair:6   | Killed a dire elephant
 18395 | Lair:5   | Found a viscous altar of Jiyva.
 18396 | Lair:5   | Found a staircase to the Slime Pits.
 18573 | Lair:4   | Found a staircase to the Shoals.
 18871 | Lair:4   | Killed LambertSimnel's ghost
 19832 | Lair:3   | Bought the +5 eveningstar "Hydra's Regret" {crush, Stlth+}
                  | for 687 gold pieces
 19919 | D:10     | Entered Level 10 of the Dungeon
 19980 | D:10     | Reached skill level 10 in Spellcasting
 20075 | D:10     | Reached XP level 14. HP: 99/106 MP: 28/28
 21804 | D:12     | Reached skill level 10 in Dodging
 22640 | D:12     | Noticed Jorgrun
 22665 | D:12     | Gained mutation: You occasionally shout uncontrollably at
                  | your foes. [potion of mutation]
 22665 | D:12     | Gained mutation: You are partially covered in icy blue
                  | scales. (AC +2) [potion of mutation]
 22819 | D:12     | Killed Jorgrun
 22819 | D:12     | Reached skill level 10 in Stealth
 22897 | D:13     | Found a gate to the Vaults.
 22897 | D:13     | Noticed Urug
 23006 | D:13     | Reached skill level 10 in Invocations
 23141 | D:13     | Killed Urug
 24081 | D:9      | Bought the ring of Temperance {+Blink rElec rPois rC- rN+}
                  | for 534 gold pieces
 24253 | D:14     | Found a shadowy altar of Dithmenos.
 24390 | D:14     | Learned a level 4 spell: Airstrike
 24896 | D:14     | Learned a level 5 spell: Borgnjor's Vile Clutch
 24928 | D:15     | Entered Level 15 of the Dungeon
 25049 | D:15     | Found a staircase to the Depths.
 25057 | D:15     | Reached XP level 15. HP: 101/114 MP: 29/29
 25494 | D:15     | Found a shimmering blue altar of Sif Muna.
 25992 | D:15     | Got a faintly glowing steel ring
 25995 | D:15     | Identified the ring "Liotsin" {Ice rPois MR+ Int+2} (You
                  | found it on level 15 of the Dungeon)
 26139 | Orc:1    | Entered Level 1 of the Orcish Mines
 27039 | D:9      | Bought a manual of Shields for 1545 gold pieces
 27098 | Orc:2    | Entered Level 2 of the Orcish Mines
 27098 | Orc:2    | Noticed Erolcha
 27100 | Orc:2    | Noticed an orc warlord
 27113 | Orc:1    | Killed Erolcha
 27157 | Orc:1    | Killed an orc warlord
 27382 | Orc:2    | Found a staircase to the Elven Halls.
 27383 | Orc:2    | Found a roughly hewn altar of Beogh.
 27518 | Orc:2    | Found a roughly hewn altar of Beogh.
 27583 | Orc:2    | Found a roughly hewn altar of Beogh.
 27655 | Orc:2    | Reached skill level 10 in Shields
 27729 | Orc:2    | Noticed an orc warlord
 27749 | Orc:2    | Killed an orc warlord
 27749 | Orc:2    | Reached skill level 10 in Ice Magic
 27846 | Orc:2    | Found Ceosa Cer's Antique Armour Boutique.
 27847 | Orc:2    | Found a roughly hewn altar of Beogh.
 27848 | Orc:2    | Found Zaupt's Antique Weapon Shop.
 27861 | Orc:2    | Bought a transparent ring mail for 333 gold pieces
 27861 | Orc:2    | Bought a brightly glowing chain mail for 351 gold pieces
 27872 | Orc:2    | Identified the +3 ring mail of Undesirable Species {rC+
                  | Int+2 Dex-2 Slay+2} (You bought it in a shop on level 2 of
                  | the Orcish Mines)
 27905 | Orc:2    | Identified the +1 chain mail of Honour {Str+2 Int+2 Stlth-}
                  | (You bought it in a shop on level 2 of the Orcish Mines)
 27975 | Orc:2    | Found a roughly hewn altar of Beogh.
 28190 | Orc:2    | Found a roughly hewn altar of Beogh.
 28220 | Orc:2    | Found Pungo's Gadget Shop.
 28306 | Orc:2    | Found a roughly hewn altar of Beogh.
 28420 | Orc:2    | Found Cut Ydoo's Gadget Shoppe.
 28582 | Orc:2    | Found a roughly hewn altar of Beogh.
 28779 | Lair:3   | Bought a +6 quick blade for 564 gold pieces
 28997 | Snake:1  | Entered Level 1 of the Snake Pit
 29032 | Snake:1  | Reached skill level 10 in Fighting
 29032 | Snake:1  | Reached skill level 10 in Short Blades
 29032 | Snake:1  | Reached skill level 10 in Long Blades
 29032 | Snake:1  | Reached skill level 10 in Axes
 29032 | Snake:1  | Reached skill level 10 in Maces & Flails
 29032 | Snake:1  | Reached skill level 10 in Polearms
 29032 | Snake:1  | Reached skill level 10 in Staves
 29032 | Snake:1  | Reached skill level 10 in Slings
 29032 | Snake:1  | Reached skill level 10 in Bows
 29032 | Snake:1  | Reached skill level 10 in Crossbows
 29032 | Snake:1  | Reached skill level 10 in Throwing
 29032 | Snake:1  | Reached skill level 10 in Armour
 29032 | Snake:1  | Reached skill level 10 in Unarmed Combat
 29032 | Snake:1  | Reached skill level 10 in Evocations
 30493 | Snake:2  | Noticed a nagaraja
 30567 | Snake:1  | Reached XP level 16. HP: 115/122 MP: 31/31
 30607 | Snake:2  | Killed a nagaraja
 31371 | Snake:3  | Noticed Azrael
 31439 | Snake:3  | Killed Azrael
 31721 | Snake:3  | Noticed Aizul
 31769 | Snake:3  | Killed Aizul
 32304 | Snake:3  | Found Ocvopegu's Gadget Boutique.
 32304 | Snake:3  | Found Vofaeppy's Jewellery Emporium.
 32305 | Snake:3  | Found Jusa's Jewellery Emporium.
 32310 | Snake:3  | Bought a cursed ring of attention for 76 gold pieces
 32424 | Snake:4  | Entered Level 4 of the Snake Pit
 32704 | Snake:4  | Noticed a nagaraja
 32741 | Snake:4  | Noticed a nagaraja
 32747 | Snake:4  | Killed a nagaraja
 33224 | Snake:4  | Noticed a nagaraja
 33358 | Snake:3  | Killed a nagaraja
 33358 | Snake:3  | Reached XP level 17. HP: 76/131 MP: 33/33
 33973 | Snake:4  | Noticed Donald
 34016 | Snake:4  | Killed Donald
 35064 | Snake:4  | Reached skill level 10 in Conjurations
 35301 | Snake:4  | Got a serpentine rune of Zot
 35591 | Lair:2   | Bought the cursed +0 pair of boots of Ubi Jau {rC+ rCorr
                  | Dex+3} for 493 gold pieces
 35666 | D:9      | Bought the amulet of the Four Winds {rN+ MR+++ Clar} for
                  | 614 gold pieces
 35666 | D:9      | Found the amulet of the Four Winds {rN+ MR+++ Clar}
 35742 | Elf:1    | Entered Level 1 of the Elven Halls
 36613 | Elf:1    | Reached skill level 10 in Hexes
 36613 | Elf:1    | Reached skill level 10 in Charms
 36613 | Elf:1    | Reached skill level 10 in Summonings
 36613 | Elf:1    | Reached skill level 10 in Necromancy
 36613 | Elf:1    | Reached skill level 10 in Translocations
 36613 | Elf:1    | Reached skill level 10 in Transmutations
 36613 | Elf:1    | Reached skill level 10 in Fire Magic
 36613 | Elf:1    | Reached skill level 10 in Air Magic
 36613 | Elf:1    | Reached skill level 10 in Earth Magic
 36613 | Elf:1    | Reached skill level 10 in Poison Magic
 36862 | Elf:1    | Noticed Agnes
 36886 | Elf:1    | Killed Agnes
 36886 | Elf:1    | Reached XP level 18. HP: 119/139 MP: 34/34
 37048 | Elf:1    | Found Xaoven's Distillery.
 37050 | Elf:1    | Bought a potion of magic for 120 gold pieces
 37050 | Elf:1    | Bought a potion of agility for 60 gold pieces
 37203 | Elf:1    | You fall into a shaft and drop 1 floor!
 37508 | Elf:2    | Found a runed translucent gate.
 37508 | Elf:2    | Found a runed translucent gate.
 37508 | Elf:2    | Found a runed translucent gate.
 37670 | Elf:2    | Found Ustrucvaz's Assorted Antiques.
 38974 | Elf:3    | Entered Level 3 of the Elven Halls
 39030 | Elf:3    | Noticed Nikola
 39038 | Elf:3    | Killed Nikola
 39065 | Elf:3    | Found a frozen archway.
 39130 | IceCv    | Entered an ice cave
 39870 | IceCv    | Noticed an Ice Fiend
 39889 | IceCv    | Killed an Ice Fiend
 40506 | Elf:3    | Noticed a deep elf blademaster
 40507 | Elf:3    | Noticed a deep elf master archer
 40513 | Elf:3    | Noticed a deep elf master archer
 40528 | Elf:3    | Killed a deep elf blademaster
 40534 | Elf:3    | Killed a deep elf master archer
 40534 | Elf:3    | Reached XP level 19. HP: 99/147 MP: 24/36
 40790 | Elf:3    | Found the +3 hat of Pondering {ponderous, MR+ MP+10 Int+5}
 40826 | Elf:3    | Identified the cursed +0 scale mail of Vexation {Str+4}
                  | (You found it on level 3 of the Elven Halls)
 40854 | Elf:3    | Got a warped ring mail
 40855 | Elf:3    | Identified the +1 ring mail of the Forest {rC+ Regen+ MP+9
                  | Str+4} (You found it on level 3 of the Elven Halls)
 40978 | Elf:3    | Identified the Collected Works on the Sinister Rocks
 41004 | Elf:3    | Got a warped short sword
 41005 | Elf:3    | Identified the +4 short sword "Gram" {pierce, Dex+3} (You
                  | found it on level 3 of the Elven Halls)
 41168 | Elf:3    | Found Aptavvoz's Armour Shop.
 41552 | Vaults:1 | Entered Level 1 of the Vaults
 41877 | Vaults:1 | Learned a level 3 spell: Tukima's Dance
 42358 | Vaults:1 | Reached skill level 15 in Shields
 43829 | Vaults:1 | Got an ancient scale mail
 43840 | Vaults:1 | Identified the cursed +1 scale mail "Turac" {Int+5} (You
                  | found it on level 1 of the Vaults)
 43898 | Vaults:1 | Bought a +2 vampiric broad axe for 288 gold pieces
 43987 | Vaults:2 | Reached XP level 20. HP: 139/155 MP: 35/37
 44143 | Vaults:2 | Noticed Asterion
 44733 | Vaults:2 | Found Lafiag's Food Emporium.
 44868 | Vaults:2 | Found Olo Wimi's General Store.
 44869 | Vaults:2 | Found Qucvuzus's Assorted Antiques.
 44941 | Vaults:2 | Bought a scroll of amnesia for 56 gold pieces
 45316 | Vaults:2 | Killed Asterion
 45614 | Vaults:2 | Found a portal to a secret trove of treasure.
 46950 | Vaults:3 | Found a staircase to the Crypt.
 47095 | Vaults:3 | Identified the ring of the Stallion {rElec rF+ rC+} (You
                  | found it on level 3 of the Vaults)
 47706 | Vaults:4 | Reached XP level 21. HP: 153/163 MP: 39/39
 48121 | Vaults:4 | Noticed Sojobo
 48150 | Vaults:4 | Killed Sojobo
 48984 | Crypt:1  | Entered Level 1 of the Crypt
 49262 | Shoals:1 | Entered Level 1 of the Shoals
 49507 | Shoals:1 | Learned a level 5 spell: Irradiate
 49514 | Shoals:1 | Learned a level 6 spell: Statue Form
 49557 | Shoals:1 | Reached skill level 15 in Invocations
 50251 | D:8      | Bought the +18 shield of the Gong {rElec rN+ MR+ EV-5} for
                  | 1556 gold pieces
 50251 | D:8      | Found the +18 shield of the Gong {rElec rN+ MR+ EV-5}
 50536 | Shoals:2 | Noticed Polyphemus
 50567 | Shoals:2 | Killed Polyphemus
 52045 | Shoals:4 | Entered Level 4 of the Shoals
 52104 | Shoals:4 | Reached XP level 22. HP: 172/172 MP: 40/40
 52407 | Shoals:4 | Identified the amulet of Darkness {Gourm rC++ Int+6}
 52640 | Shoals:4 | Got a barnacled rune of Zot
 52790 | Shoals:4 | Learned a level 5 spell: Aura of Abjuration
 52866 | Shoals:4 | Identified the Papyrus of Battle Magic
 53038 | Shoals:4 | Identified the Incunabulum of the Wasp
 53620 | Vaults:4 | Bought the ring of Robustness {AC+8} for 2432 gold pieces
 53620 | Vaults:4 | Found the ring of Robustness {AC+8}
 53867 | Depths:1 | Entered Level 1 of the Depths
 53885 | Depths:1 | Reached skill level 15 in Spellcasting
 54160 | Depths:1 | Noticed Louise
 54161 | Depths:1 | Noticed Louise
 54161 | Depths:1 | Louise changed into Louise the ice dragon
 54176 | Depths:1 | Killed Louise the ice dragon
 54206 | Depths:1 | Reached skill level 15 in Dodging
 54260 | Depths:1 | Found a one-way gate to the infinite horrors of the Abyss.
 54449 | Depths:1 | Noticed Mara
 54490 | Depths:1 | Killed Mara
 54490 | Depths:1 | Reached skill level 15 in Stealth
 54886 | Depths:1 | Found a one-way gate leading to the halls of Pandemonium.
 54953 | Depths:1 | Found the -2 hat of the Alchemist {rElec rPois rF+ rC+ rN+
                  | MR+ rMut rCorr}
 54956 | Depths:1 | Found a radiant altar of Vehumet.
 54978 | Depths:1 | Identified the cursed +0 hat of Brilliance {Str+2} (You
                  | found it on level 1 of the Depths)
 54991 | Depths:1 | Identified the +0 hat of the World {rElec rN+ Str+3} (You
                  | found it on level 1 of the Depths)
 55251 | Lair:2   | Bought the -1 pair of boots of Dararch {*Contam MR+ Dex+2
                  | Slay+3} for 419 gold pieces
 56077 | Crypt:1  | Found a basalt altar of Yredelemnul.
 56092 | Crypt:1  | Reached XP level 23. HP: 179/179 MP: 42/42
 56118 | Crypt:1  | Identified the Almanac of Dark Arts
 56177 | Crypt:1  | Noticed Frederick
 56210 | Crypt:1  | Killed Frederick
 57395 | Crypt:3  | Entered Level 3 of the Crypt
 57542 | Crypt:3  | Reached skill level 15 in Fighting
 57542 | Crypt:3  | Reached skill level 15 in Short Blades
 57542 | Crypt:3  | Reached skill level 15 in Long Blades
 57542 | Crypt:3  | Reached skill level 15 in Axes
 57542 | Crypt:3  | Reached skill level 15 in Maces & Flails
 57542 | Crypt:3  | Reached skill level 15 in Polearms
 57542 | Crypt:3  | Reached skill level 15 in Staves
 57542 | Crypt:3  | Reached skill level 15 in Slings
 57542 | Crypt:3  | Reached skill level 15 in Bows
 57542 | Crypt:3  | Reached skill level 15 in Crossbows
 57542 | Crypt:3  | Reached skill level 15 in Throwing
 57542 | Crypt:3  | Reached skill level 15 in Armour
 57542 | Crypt:3  | Reached skill level 15 in Unarmed Combat
 57542 | Crypt:3  | Reached skill level 15 in Evocations
 57892 | Crypt:3  | Found a staircase to the Tomb.
 58319 | Crypt:3  | Reached XP level 24. HP: 126/189 MP: 42/42
 58445 | Crypt:3  | Found a basalt altar of Yredelemnul.
 59525 | Lair:2   | Bought the +8 orange crystal plate armour {Archmagi, Int+3
                  | Clar} for 2023 gold pieces
 59525 | Lair:2   | Found the +8 orange crystal plate armour {Archmagi, Int+3
                  | Clar}
 59808 | Vaults:4 | Bought the amulet of Elaodgha {+Blink Regen+ Int-5 Dex+4}
                  | for 796 gold pieces
 60251 | Depths:1 | Found a gateway to Hell.
 60407 | Depths:2 | Noticed a juggernaut
 60436 | Depths:2 | Killed a juggernaut
 60999 | Depths:2 | Identified a scroll of acquirement
 61000 | Depths:2 | Identified the Reference Book on Combat Magic and the
                  | Voyage (You acquired it on level 2 of the Depths)
 61721 | Depths:2 | Found a gateway to a ziggurat.
 61881 | Depths:3 | Reached XP level 25. HP: 197/197 MP: 40/43
 62948 | Depths:4 | Noticed Mennas
 62958 | Depths:4 | Identified the amulet "Hisix" {Reflect rC++ Int-5 Dex+2
                  | SH+4 SInv}
 62963 | Depths:4 | Killed Mennas
 63062 | Depths:4 | Noticed a juggernaut
 63083 | Depths:4 | Killed a juggernaut
 63104 | Depths:4 | Noticed Margery
 63128 | Depths:4 | Killed Margery
 63250 | Depths:4 | Identified the Disquisition on the Glacier and Orientation
 63783 | Depths:5 | Entered Level 5 of the Depths
 63806 | Depths:5 | Noticed a juggernaut
 63820 | Depths:5 | Killed a juggernaut
 64012 | Depths:5 | Found Irorr's Jewellery Shop.
 64031 | Depths:5 | Found Johole Dof's Antique Weapon Emporium.
 64054 | Depths:5 | Reached XP level 26. HP: 175/206 MP: 43/43
 64062 | Depths:5 | Found Zeth's Book Boutique.
 64102 | Depths:5 | Bought a book of Enchantments for 850 gold pieces
 64102 | Depths:5 | Bought a book of Spatial Translocations for 1105 gold
                  | pieces
 64105 | Depths:5 | Learned a level 2 spell: Blink
 64112 | Depths:5 | Learned a level 6 spell: Deflect Missiles
 64490 | Elf:3    | Bought a scarf of resistance for 576 gold pieces
 64764 | Slime:1  | Entered Level 1 of the Pits of Slime
 64906 | Slime:2  | Reached skill level 15 in Ice Magic
 66294 | Slime:5  | Entered Level 5 of the Pits of Slime
 66536 | Slime:5  | Noticed the Royal Jelly
 66547 | Slime:5  | Killed the Royal Jelly
 66686 | Slime:5  | Found the +6 Majin-Bo {vamp, Archmagi MP+6 Int+6}
 66690 | Slime:5  | Identified the +0 pair of boots of Sif Muna's Regard
                  | {*Corrode rC+ rN++ MR- Int+3} (You found it on level 5 of
                  | the Pits of Slime)
 66694 | Slime:5  | Got a slimy rune of Zot
 66715 | Slime:5  | Identified the Disquisition on Creative Attacks
 66747 | Slime:5  | Identified the cursed +1 scale mail of the Volcano {+Fly}
                  | (You found it on level 5 of the Pits of Slime)
 66781 | Slime:5  | Identified the Guide on Mutagenic Earth
 67189 | Vaults:5 | Entered Level 5 of the Vaults
 67275 | Vaults:5 | Reached XP level 27. HP: 213/213 MP: 44/44
 67722 | Vaults:5 | Identified the +4 ring mail "Rekkub" {rPois Slay+3} (You
                  | found it on level 5 of the Vaults)
 67896 | Vaults:5 | Noticed an ancient lich
 67905 | Vaults:5 | Killed an ancient lich
 67905 | Vaults:5 | Reached skill level 15 in Conjurations
 68125 | Vaults:5 | Noticed an ancient lich
 68140 | Vaults:5 | Killed an ancient lich
 68169 | Vaults:5 | Noticed an ancient lich
 68172 | Vaults:5 | Reached skill level 15 in Hexes
 68172 | Vaults:5 | Reached skill level 15 in Charms
 68172 | Vaults:5 | Reached skill level 15 in Summonings
 68172 | Vaults:5 | Reached skill level 15 in Necromancy
 68172 | Vaults:5 | Reached skill level 15 in Translocations
 68172 | Vaults:5 | Reached skill level 15 in Transmutations
 68172 | Vaults:5 | Reached skill level 15 in Fire Magic
 68172 | Vaults:5 | Reached skill level 15 in Air Magic
 68172 | Vaults:5 | Reached skill level 15 in Earth Magic
 68172 | Vaults:5 | Reached skill level 15 in Poison Magic
 68180 | Vaults:5 | Killed an ancient lich
 68632 | Vaults:5 | Got a silver rune of Zot
 68745 | Vaults:5 | Identified the Volume of the Twisted Voyage
 68847 | Vaults:5 | Identified the cursed +0 scale mail "Forget-Me-Not" {Int+3}
                  | (You found it on level 5 of the Vaults)
 69172 | Hell     | Entered the Vestibule of Hell
 69172 | Hell     | Noticed Geryon
 69208 | Hell     | Killed Geryon
 69210 | Hell     | Gained mutation: You are occasionally teleported next to
                  | monsters. [a cacodemon]
 69549 | Hell     | Found a gateway to the decaying netherworld of Tartarus.
 69594 | Hell     | Found a gateway to the ashen valley of Gehenna.
 69677 | Hell     | Found a gateway to the Iron City of Dis.
 69750 | Hell     | Found a gateway to the freezing wastes of Cocytus.
 69827 | Hell     | Lost mutation: You occasionally shout uncontrollably at
                  | your foes. [potion of mutation]
 69827 | Hell     | Gained mutation: You are agile. (Dex +2) [potion of
                  | mutation]
 69827 | Hell     | Gained mutation: You are partially covered in molten
                  | scales. (AC +2) [potion of mutation]
 69828 | Hell     | Lost mutation: You are partially covered in icy blue
                  | scales. (AC +2) [potion of mutation]
 69828 | Hell     | Lost mutation: You are partially covered in molten scales.
                  | (AC +2) [potion of mutation]
 69828 | Hell     | Lost mutation: You are agile. (Dex +2) [potion of mutation]
 69828 | Hell     | Gained mutation: Your flesh is heat resistant. (rF+)
                  | [potion of mutation]
 69828 | Hell     | Gained mutation: You have a pair of small horns on your
                  | head. [potion of mutation]
 69829 | Hell     | Lost mutation: You have a pair of small horns on your head.
                  | [potion of mutation]
 69829 | Hell     | Lost mutation: Your flesh is heat resistant. (rF+) [potion
                  | of mutation]
 69829 | Hell     | Gained mutation: You are dopey. (Int -2) [potion of
                  | mutation]
 69829 | Hell     | Gained mutation: Your magical capacity is low. (-10% MP)
                  | [potion of mutation]
 69829 | Hell     | Gained mutation: You possess an exceptional clarity of
                  | mind. [potion of mutation]
 69830 | Hell     | Lost mutation: You are dopey. (Int -2) [potion of mutation]
 69830 | Hell     | Lost mutation: Your magical capacity is low. (-10% MP)
                  | [potion of mutation]
 69830 | Hell     | Lost mutation: You possess an exceptional clarity of mind.
                  | [potion of mutation]
 69830 | Hell     | Lost mutation: You are occasionally teleported next to
                  | monsters. [potion of mutation]
 69830 | Hell     | Gained mutation: You occasionally shout uncontrollably at
                  | your foes. [potion of mutation]
 69830 | Hell     | Gained mutation: Your flesh is cold resistant. (rC+)
                  | [potion of mutation]
 69830 | Hell     | Gained mutation: You expend magic power (3 MP) to
                  | strengthen your wands. [potion of mutation]
 69859 | Coc:1    | Entered Level 1 of Cocytus
 70301 | Coc:5    | You fall into a shaft and drop 1 floor!
 70316 | Coc:7    | Entered Level 7 of Cocytus
 70866 | Coc:7    | Identified the ring of Campumne {*Drain rF+ Int+4 Slay+2}
                  | (You found it on level 7 of Cocytus)
 70893 | Coc:7    | Identified the +5 ring mail of the Maze {rElec MR+} (You
                  | found it on level 7 of Cocytus)
 71404 | Coc:7    | Noticed Antaeus
 71440 | Coc:7    | Killed Antaeus
 71495 | Coc:7    | Got an icy rune of Zot
 71497 | Coc:7    | Identified the Compendium of Toxic Earth
 71634 | Geh:1    | Entered Level 1 of Gehenna
 73334 | Geh:6    | You fall into a shaft and drop 1 floor!
 73334 | Geh:7    | Entered Level 7 of Gehenna
 73675 | Geh:7    | Identified the Collected Works on Destructive Clay
 73678 | Geh:7    | Identified the +3 scale mail of the Stag {Dex+6} (You found
                  | it on level 7 of Gehenna)
 73819 | Geh:7    | Identified the +7 sceptre of Asmodeus
 73819 | Geh:7    | Noticed Asmodeus
 73851 | Geh:7    | Killed Asmodeus
 73907 | Geh:7    | Identified the +1 long sword "Huecro" {flame, Fragile
                  | Int+6} (You found it on level 7 of Gehenna)
 73940 | Geh:7    | Identified the ring "Nisair" {Wiz Str+2} (You found it on
                  | level 7 of Gehenna)
 73955 | Geh:7    | Got an obsidian rune of Zot
 73961 | Geh:7    | Identified the cursed +0 scimitar "Maneshre" {flame,
                  | Fragile Str+2 Dex+2 SInv} (You found it on level 7 of
                  | Gehenna)
 74125 | Tar:1    | Entered Level 1 of Tartarus
 74427 | Tar:2    | You fall into a shaft and drop 1 floor!
 74454 | Tar:5    | You fall into a shaft and drop 1 floor!
 74659 | Tar:7    | Entered Level 7 of Tartarus
 74974 | Tar:7    | Noticed Ereshkigal
 74992 | Tar:7    | Killed Ereshkigal
 75113 | Tar:7    | Identified the Handbook of the Arsonist
 75141 | Tar:7    | Got a bone rune of Zot
 75142 | Tar:7    | Identified the Papyrus of Ignition
 75194 | Hell     | Bought the macabre finger necklace {rN+} for 400 gold
                  | pieces
 75194 | Hell     | Found the macabre finger necklace {rN+}
 75237 | Dis:1    | Entered Level 1 of the Iron City of Dis
 75429 | Dis:1    | Learned a level 7 spell: Ring of Flames
 76329 | Dis:3    | You fall into a shaft and drop 2 floors!
 76332 | Dis:5    | You fall into a shaft and drop 1 floor!
 76547 | Dis:7    | Entered Level 7 of the Iron City of Dis
 76796 | Dis:7    | Identified the +8 hunting sling of Ravage {freeze, Str+3
                  | Int+3}
 77199 | Dis:7    | Identified the +4 staff of Dispater
 77199 | Dis:7    | Noticed Dispater
 77215 | Dis:7    | Killed Dispater
 77231 | Dis:7    | Got an iron rune of Zot
 77264 | Dis:7    | Identified the +5 plate armour of Taoschall {rPois rC++
                  | MP+9 Stlth-} (You found it on level 7 of the Iron City of
                  | Dis)
 77632 | Vaults:2 | Bought a scroll of magic mapping for 56 gold pieces
 77632 | Vaults:2 | Bought a potion of haste for 160 gold pieces
 77643 | Vaults:2 | Learned a level 9 spell: Tornado
 77859 | Pan      | Entered Pandemonium
 77903 | Pan      | Noticed Gizixez the pandemonium lord
 77912 | Pan      | Killed Gizixez the pandemonium lord
 77979 | Pan      | Got a demonic rune of Zot
 78022 | Pan      | Found an exit through the horrors of the Abyss.
 78048 | Pan      | Identified the +6 scale mail of the Wasteland {SInv} (You
                  | found it in Pandemonium)
 78088 | Pan      | Gained mutation: You tend to lose your temper in combat. [a
                  | cacodemon]
 78095 | Pan      | Gained mutation: You are dopey. (Int -2) [a cacodemon]
 78340 | Pan      | Noticed Gegaicudgh the pandemonium lord
 78347 | Pan      | Killed Gegaicudgh the pandemonium lord
 78660 | Pan      | Entered the realm of Lom Lobon.
 78819 | Pan      | Noticed Lom Lobon
 78841 | Pan      | Killed Lom Lobon
 78890 | Pan      | Got a magical rune of Zot
 78997 | Pan      | Noticed Joch the pandemonium lord
 79017 | Pan      | Killed Joch the pandemonium lord
 79198 | Pan      | Entered the realm of Cerebov.
 79198 | Pan      | Identified the +6 sword of Cerebov {flame}
 79198 | Pan      | Noticed Cerebov
 79224 | Pan      | Killed Cerebov
 79333 | Pan      | Got a fiery rune of Zot
 79528 | Pan      | Found a transporter.
 79765 | Pan      | Found a transporter.
 80149 | Pan      | Entered the realm of Mnoleg.
 80199 | Pan      | Noticed Mnoleg
 80219 | Pan      | Killed Mnoleg
 80260 | Pan      | Gained mutation: You often lose your temper in combat. [a
                  | cacodemon]
 80284 | Pan      | Gained mutation: You sometimes yell uncontrollably at your
                  | foes. [a neqoxec]
 80487 | Pan      | Got a glowing rune of Zot
 80558 | Pan      | Found a runed translucent door.
 80558 | Pan      | Noticed Omejoydd the pandemonium lord
 80561 | Pan      | Entered the realm of Gloorx Vloq.
 80578 | Pan      | Lost mutation: You often lose your temper in combat.
                  | [potion of mutation]
 80578 | Pan      | Lost mutation: You expend magic power (3 MP) to strengthen
                  | your wands. [potion of mutation]
 80578 | Pan      | Gained mutation: You do not regenerate when monsters are
                  | visible. [potion of mutation]
 80578 | Pan      | Gained mutation: You evolve. [potion of mutation]
 80579 | Pan      | Lost mutation: You tend to lose your temper in combat.
                  | [potion of mutation]
 80579 | Pan      | Lost mutation: You evolve. [potion of mutation]
 80579 | Pan      | Gained mutation: Your flesh is heat resistant. (rF+)
                  | [potion of mutation]
 80580 | Pan      | Lost mutation: You sometimes yell uncontrollably at your
                  | foes. [potion of mutation]
 80580 | Pan      | Lost mutation: You are dopey. (Int -2) [potion of mutation]
 80580 | Pan      | Lost mutation: Your flesh is cold resistant. (rC+) [potion
                  | of mutation]
 80580 | Pan      | Lost mutation: You occasionally shout uncontrollably at
                  | your foes. [potion of mutation]
 80580 | Pan      | Gained mutation: You tend to lose your temper in combat.
                  | [potion of mutation]
 80580 | Pan      | Gained mutation: You often lose your temper in combat.
                  | [potion of mutation]
 80580 | Pan      | Lost mutation: You often lose your temper in combat.
                  | [potion of mutation]
 80581 | Pan      | Lost mutation: Your flesh is heat resistant. (rF+) [potion
                  | of mutation]
 80581 | Pan      | Lost mutation: You tend to lose your temper in combat.
                  | [potion of mutation]
 80581 | Pan      | Lost mutation: You do not regenerate when monsters are
                  | visible. [potion of mutation]
 80581 | Pan      | Gained mutation: You are robust. (+10% HP) [potion of
                  | mutation]
 80581 | Pan      | Gained mutation: Your system is resistant to poisons.
                  | (rPois) [potion of mutation]
 80581 | Pan      | Gained mutation: You are partially covered in molten
                  | scales. (AC +2) [potion of mutation]
 80866 | Pan      | Noticed Gloorx Vloq
 80880 | Pan      | Killed Gloorx Vloq
 80896 | Pan      | Got a dark rune of Zot
 81135 | Pan      | Noticed Buuzoa Eceo the pandemonium lord
 81149 | Pan      | Killed Buuzoa Eceo the pandemonium lord
 81281 | Pan      | Found an exit through the horrors of the Abyss.
 81290 | Pan      | Took an exit into the Abyss.
 81290 | Abyss:1  | Escaped into the Abyss
 81290 | Abyss:1  | Found a corrupted altar of Lugonu.
 81297 | Abyss:1  | Found a corrupted altar of Lugonu.
 81486 | Abyss:1  | Found a corrupted altar of Lugonu.
 81915 | Abyss:1  | Gained mutation: You are occasionally teleported next to
                  | monsters. [a neqoxec]
 81916 | Abyss:1  | Gained mutation: You tend to lose your temper in combat. [a
                  | neqoxec]
 82107 | Abyss:3  | Learned a level 9 spell: Shatter
 82122 | Abyss:3  | Noticed an ancient lich
 82132 | Abyss:3  | Killed an ancient lich
 82234 | Abyss:5  | Entered Level 5 of the Abyss
 82234 | Abyss:5  | Found a corrupted altar of Lugonu.
 82247 | Abyss:5  | Found a corrupted altar of Lugonu.
 82273 | Abyss:5  | Paralysed by accursed screaming for 1 turns
 82765 | Abyss:5  | Found a corrupted altar of Lugonu.
 82866 | Abyss:5  | Noticed an ancient lich
 82873 | Abyss:5  | Killed an ancient lich
 83174 | Abyss:5  | Paralysed by accursed screaming for 1 turns
 83512 | Abyss:5  | Got an abyssal rune of Zot
 83513 | Abyss:5  | Paralysed by accursed screaming for 1 turns
 83524 | Abyss:5  | Paralysed by accursed screaming for 2 turns
 83545 | Depths:1 | Escaped the Abyss
 83553 | Depths:1 | Learned a level 1 spell: Apportation
 83830 | Tomb:1   | Entered Level 1 of the Tomb of the Ancients
 83853 | Tomb:1   | Bought a bloodstained plate armour for 1092 gold pieces
 83853 | Tomb:1   | Bought a pair of warped boots for 370 gold pieces
 83853 | Tomb:1   | Identified the +2 pair of boots of Xitzij {rC+} (You bought
                  | it in a shop on level 1 of the Tomb of the Ancients)
 83854 | Tomb:1   | Identified the +9 plate armour of Tartarus {rC+ Stlth+}
                  | (You bought it in a shop on level 1 of the Tomb of the
                  | Ancients)
 83860 | Tomb:1   | Lost mutation: You are partially covered in molten scales.
                  | (AC +2) [potion of mutation]
 83860 | Tomb:1   | Lost mutation: You are robust. (+10% HP) [potion of
                  | mutation]
 83860 | Tomb:1   | Gained mutation: You are covered in fur. (AC +1) [potion of
                  | mutation]
 83862 | Tomb:1   | Lost mutation: You tend to lose your temper in combat.
                  | [potion of mutation]
 83862 | Tomb:1   | Lost mutation: You are covered in fur. (AC +1) [potion of
                  | mutation]
 83862 | Tomb:1   | Lost mutation: Your system is resistant to poisons. (rPois)
                  | [potion of mutation]
 83862 | Tomb:1   | Gained mutation: You are clumsy. (Dex -2) [potion of
                  | mutation]
 83862 | Tomb:1   | Gained mutation: You are very clumsy. (Dex -4) [potion of
                  | mutation]
 83862 | Tomb:1   | Gained mutation: You are surrounded by a mild repulsion
                  | field. (EV +2) [potion of mutation]
 83863 | Tomb:1   | Lost mutation: You are very clumsy. (Dex -4) [potion of
                  | mutation]
 83863 | Tomb:1   | Lost mutation: You are clumsy. (Dex -2) [potion of
                  | mutation]
 83863 | Tomb:1   | Lost mutation: You are surrounded by a mild repulsion
                  | field. (EV +2) [potion of mutation]
 83863 | Tomb:1   | Gained mutation: You are frail. (-10% HP) [potion of
                  | mutation]
 83863 | Tomb:1   | Gained mutation: Your system is resistant to poisons.
                  | (rPois) [potion of mutation]
 83872 | Tomb:1   | Noticed a greater mummy
 83872 | Tomb:1   | Noticed a greater mummy
 83873 | Tomb:1   | Noticed a greater mummy
 83878 | Tomb:1   | Noticed a greater mummy
 83878 | Tomb:1   | Noticed a greater mummy
 83879 | Tomb:1   | Noticed a greater mummy
 83880 | Tomb:1   | Killed a greater mummy
 83884 | Tomb:1   | Killed a greater mummy
 83891 | Tomb:1   | Killed a greater mummy
 83964 | Tomb:1   | Noticed a greater mummy
 83972 | Tomb:1   | Noticed a greater mummy
 83975 | Tomb:1   | Killed a greater mummy
 83981 | Tomb:1   | Killed a greater mummy
 83982 | Tomb:1   | Killed a greater mummy
 83987 | Tomb:1   | Noticed a greater mummy
 83988 | Tomb:1   | Noticed a greater mummy
 83989 | Tomb:1   | Killed a greater mummy
 83996 | Tomb:1   | Killed a greater mummy
 84000 | Tomb:1   | Noticed a greater mummy
 84006 | Tomb:1   | Killed a greater mummy
 84011 | Tomb:1   | Killed a greater mummy
 84266 | Tomb:1   | Noticed a greater mummy
 84280 | Tomb:1   | Killed a greater mummy
 84706 | Tomb:1   | Killed a greater mummy
 84994 | Tomb:1   | Identified the Handbook of the Cankerous Arsonist
 85126 | Tomb:1   | Noticed a greater mummy
 85129 | Tomb:1   | Noticed a greater mummy
 85144 | Tomb:1   | Killed a greater mummy
 85150 | Tomb:1   | Killed a greater mummy
 85203 | Tomb:1   | Noticed a greater mummy
 85222 | Tomb:1   | Killed a greater mummy
 85307 | Tomb:2   | Noticed a greater mummy
 85307 | Tomb:2   | Noticed a greater mummy
 85307 | Tomb:2   | Noticed a greater mummy
 85307 | Tomb:2   | Noticed a greater mummy
 85312 | Tomb:2   | Killed a greater mummy
 85312 | Tomb:2   | Killed a greater mummy
 85318 | Tomb:2   | Killed a greater mummy
 85322 | Tomb:2   | Killed a greater mummy
 85322 | Tomb:2   | Reached skill level 27 in Dodging
 85377 | Tomb:2   | Learned a level 5 spell: Silence
 86145 | Tomb:3   | Entered Level 3 of the Tomb of the Ancients
 86156 | Tomb:3   | Noticed a greater mummy
 86159 | Tomb:3   | Noticed a greater mummy
 86162 | Tomb:3   | Noticed a greater mummy
 86163 | Tomb:3   | Noticed a greater mummy
 86176 | Tomb:3   | Killed a greater mummy
 86178 | Tomb:3   | Killed a greater mummy
 86178 | Tomb:3   | Killed a greater mummy
 86183 | Tomb:3   | Killed a greater mummy
 86186 | Tomb:3   | Noticed a greater mummy
 86186 | Tomb:3   | Noticed a greater mummy
 86189 | Tomb:3   | Noticed a greater mummy
 86192 | Tomb:3   | Noticed a greater mummy
 86192 | Tomb:3   | Noticed a greater mummy
 86192 | Tomb:3   | Reached skill level 27 in Shields
 86199 | Tomb:3   | Killed a greater mummy
 86200 | Tomb:3   | Killed a greater mummy
 86202 | Tomb:3   | Killed a greater mummy
 86205 | Tomb:3   | Killed a greater mummy
 86211 | Tomb:3   | Killed a greater mummy
 86782 | Tomb:3   | Found the +3 robe of Folly {Archmagi, MR-- Int+5}
 86786 | Tomb:3   | Found the +8 longbow "Zephyr" {speed, Dex+3 SInv}
 86866 | Tomb:3   | Identified the +10 ring mail "Ifokyr" {rElec rPois Regen+
                  | Str+5} (You found it on level 3 of the Tomb of the
                  | Ancients)
 86902 | Tomb:3   | Identified the cursed +1 chain mail of Hown {rN++ Str+3
                  | Dex+2} (You found it on level 3 of the Tomb of the
                  | Ancients)
 87102 | Tomb:3   | Got a golden rune of Zot
 87766 | Depths:5 | Found Zetaitom's Weapon Shop.
 88029 | Depths:5 | Found Xumaapor's Jewellery Shoppe.
 88320 | Depths:5 | Found a gate to the Realm of Zot.
 88419 | Depths:5 | Learned a level 8 spell: Ignition
 88539 | Zot:1    | Entered Level 1 of the Realm of Zot
 88929 | Zot:1    | Noticed an orb of fire
 90930 | Zot:3    | Identified the +8 war axe "Ocedoar" {drain, SInv}
 92178 | Zot:4    | Lost mutation: You are frail. (-10% HP) [potion of
                  | mutation]
 92178 | Zot:4    | Gained mutation: You have sharp toenails. [potion of
                  | mutation]
 92178 | Zot:4    | Gained mutation: You have a pair of small horns on your
                  | head. [potion of mutation]
 92213 | Zot:5    | Entered Level 5 of the Realm of Zot
 92554 | Zot:5    | Noticed an ancient lich
 92554 | Zot:5    | Noticed an orb of fire
 92571 | Zot:5    | Killed an ancient lich
 92573 | Zot:5    | Noticed an orb of fire
 92585 | Zot:5    | Noticed an ancient lich
 92591 | Zot:5    | Killed an orb of fire
 92596 | Zot:5    | Killed an ancient lich
 92763 | Zot:5    | Noticed an ancient lich
 92782 | Zot:5    | Killed an ancient lich
 92928 | Zot:5    | Noticed an ancient lich
 92943 | Zot:5    | Killed an ancient lich
 92948 | Zot:5    | Noticed an ancient lich
 92950 | Zot:5    | Noticed an ancient lich
 92953 | Zot:5    | Noticed an orb of fire
 92958 | Zot:5    | Killed an ancient lich
 92958 | Zot:5    | Killed an ancient lich
 92973 | Zot:5    | Killed an orb of fire
 93465 | Zot:5    | Got the Orb of Zot
 93665 | Zot:1    | Killed an orb of fire
 94195 | D:4      | Noticed Saodihorph the pandemonium lord
 94207 | D:4      | Killed Saodihorph the pandemonium lord
 94307 | D:1      | Noticed Cazosoun the pandemonium lord
 94331 | D:1      | Killed Cazosoun the pandemonium lord
 94408 | D:$      | Escaped with the Orb!

Levels and vault maps discovered:
D:1:      dpeg_arrival_more_subterranean_lakeside_camping, layout_basic,
          serial_bayou_pond_e
D:2:      layout_loops_cross, kennysheep_jessica_study
D:3:      cheibrodos_greedy_goblins, layout_rooms, first_ration
D:4:      layout_layer_cave, uniq_menkaure, uniq_natasha
D:5:      layout_basic, kennysheep_mini, minmay_misc_feat_nine_boxes,
          uniq_eustachio
D:6:      cheibrodos_quashed, layout_loops_ring, minmay_temple_entry_ruins,
          minivault_5
D:7:      layout_gridville
D:8:      layout_gridville, blue_anna_alchemist [blue_anna_fruit_fields,
          blue_anna_fruit_fields], nicolae_tso_carved_into_rock, uniq_maurice
D:9:      layout_roguey, due_lair_maze_entry_diamond, orc_0_dummy, serial_shops,
          shop, shop, shop, shop, elyvilon_altar_4
D:10:     layout_cave_pools, serial_bayou_lagoon_a, minivault_14
D:11:     nzn_motion_control, layout_loops_corners
D:12:     layout_cave_pods, uniq_jorgrun
D:13:     layout_loops_ring, david_vaults_3
D:14:     layout_roguey, chequers_serial_rivers_large_b, basic_altar
D:15:     gammafunk_enter_depths_forms, layout_basic, lemuel_blue_sif_altar,
          minivault_19, chequers_serial_rivers_marsh, lemuel_freeze_loot_1
Temple:   compressed_dpeg_circular_temple
Lair:1:   lemuel_slime, layout_cave_shapes
Lair:2:   layout_gridlike, minmay_snake_entry_six_corridors,
          eino_house_with_fridge
Lair:3:   layout_regular_city, minivault_19, minmay_lair_oklob_chamber
Lair:4:   layout_regular_city, minmay_shoals_entry_hut,
          hellmonk_ghost_happy_afterlife, kilobyte_rumbling_trees, uniq_nessos
Lair:5:   layout_regular_city, slime_altar_1, small_statue_intersection,
          minmay_lair_drake_nest, lemuel_fruit_fields
Lair:6:   hangedman_lair_in_review, layout_regular_city, uniq_snorg
Shoals:1: layout_shoals, argonaut_gorgonesque
Shoals:2: layout_shoals, uniq_polyphemus
Shoals:3: layout_shoals
Shoals:4: shoals_end_hangedman, layout_shoals
Snake:1:  layout_layer_cave, hangedman_snake_corridor_split
Snake:2:  layout_rooms, serial_curves, eino_curves_04, eino_curves_04
Snake:3:  layout_misc_corridors, minmay_shop_grove, uniq_aizul, uniq_azrael
Snake:4:  grunt_snake_rune_pools, layout_cave_town, grunt_megastairs_3,
          uniq_donald
Slime:1:  layout_caves
Slime:2:  layout_caves
Slime:3:  layout_caves
Slime:4:  layout_caves
Slime:5
Orc:1:    layout_caves
Orc:2:    grunt_orc_community_town_hall, layout_caves,
          grunt_orc_community_big_house_2, grunt_orc_community_big_house_1,
          grunt_orc_community_house_1, grunt_orc_community_house_3,
          grunt_orc_community_house_3, grunt_orc_community_house_1,
          grunt_orc_community_house_2, grunt_orc_community_house_2,
          mines2_david, uniq_erolcha
Elf:1:    eino_elf_arrival_customs, layout_geoelf_octagon, serial_shops, shop,
          hangedman_corner_corridor, uniq_agnes, uniq_louise
Elf:2:    layout_geoelf_octagon, serial_shops, nicolae_shop_overgrown_old_shop
Elf:3:    minmay_elf_hall_quartered_circle, layout_geoelf_diagonals,
          serial_shops, nicolae_shop_behind_doors,
          portal_ice_cave_entry_pillars_1, minmay_misc_feat_alley, minivault_11,
          uniq_nikola
Vaults:1: vaults_room_grunt_arrival_ludios, hangedman_vaults_corner,
          nicolae_vaults_network_barrier, vaults_room_door_hall, v_misc_5,
          grunt_vaults_twisty, nicolae_vaults_shelves_hall,
          ontoclasm_vaults_gateway, layout_vaults_quadrants
Vaults:2: nicolae_vaults_lopsided_apartments, vaults_room_corners,
          vaults_room_grid, ontoclasm_vaults_decontamination,
          hangedman_vaults_trim, ontoclasm_vaults_chip, v_misc_10, v_pattern_1,
          v_rooms_2, vaults_dpeg_hooks, layout_vaults_omnibox, serial_shops,
          shop, shop, shop, enter_trove_5, uniq_asterion
Vaults:3: v_alt_pattern_3, minmay_crypt_entry_nasty_monster, vaults_mumra_hex,
          nicolae_vaults_big_ls, v_misc_24, nicolae_vaults_asterisk,
          nicolae_vaults_theta, ontoclasm_vaults_chip, vaults_dpeg_ring,
          layout_vaults_chaotic_city
Vaults:4: v_misc_5, nicolae_vaults_back_hallway, ontoclasm_vaults_pinch,
          grunt_vaults_diagonal, v_rooms_6, v_misc_23, vaults_room_hallway,
          ontoclasm_vaults_misaligned, nicolae_vaults_specimen_jars,
          hangedman_vaults_nails, v_misc_17, ontoclasm_vaults_chip,
          ontoclasm_vaults_ring_small, layout_vaults_maze_snakey, uniq_sojobo
Vaults:5
Crypt:1:  layout_misc_corridors, minivault_5, weyrava_vampire_temple,
          uniq_frederick
Crypt:2:  layout_misc_corridors
Crypt:3:  church_of_pain_bobbens, layout_chaotic_city
Tomb:1
Tomb:2
Tomb:3
Depths:1: layout_cave_shapes, minmay_misc_feat_roman,
          nicolae_abyss_entry_one_way_or_another, pan_entry, pf_coc_iceberg,
          serial_column_ruins, column_ruins_hut, column_ruins_square_medium,
          column_ruins_corridor_plus, column_ruins_columns_straight,
          column_ruins_columns_straight, column_ruins_columns_corner,
          column_ruins_open_medium, grunt_tower_of_power, uniq_mara
Depths:2: minmay_imperfect_grid, layout_cross, enter_ziggurat_b,
          chequers_serial_rivers_room_b, hell_entry, pan_entry, minivault_14,
          infiniplex_staircase_squiggle, serial_bayou_shore_b, firewood_loft
Depths:3: minmay_open_boxes_in_corner, layout_honeycomb,
          grunt_hell_entry_dis_grunt, hangedman_decor_opposing, abyss_entry,
          rand_demon_pan_entry_5
Depths:4: minmay_the_grid_octo_2x2 [minmay_the_grid_octo_fat_diamond,
          minmay_the_grid_octo_concentric, minmay_the_grid_octo_tetromino_candy,
          minmay_the_grid_octo_prize_ultimate_mussel_roller], layout_cave_pools,
          hangedman_abyss_entry_splay, pan_entry, serial_sigils_hangedman_leer,
          grunt_metal_band, kennysheep_inner_square, uniq_mennas
Depths:5: evilmike_zot_entry_gauntlet, layout_gridlike,
          grunt_pan_entry_in_and_out, abyss_entry_crystal, serial_shops,
          nicolae_shop_crystal, nicolae_shop_overgrown_old_shop, shop, shop,
          nicolae_shop_waterfront, hell_entry, dk_noncrumbling_2
Hell
Dis:1:    layout_subdivisions
Dis:2:    lightli_tower_of_babel, layout_chaotic_city, nicolae_dis_iron_filings
Dis:3:    layout_regular_city
Dis:5:    layout_gridville
Dis:6:    layout_subdivisions
Dis:7:    iron_city_of_dis [dis_grunt, dis_wall_2], layout_chaotic_city
Geh:1:    layout_gehenna_lava_caves
Geh:2:    layout_gehenna_lava_caves
Geh:3:    layout_gehenna_lava_caves
Geh:4:    layout_gehenna_pools_box, grunt_megastairs_2
Geh:5:    layout_gehenna_pools_basic, special_room [special_room_morgue]
Geh:6:    layout_gehenna_lava_caves
Geh:7:    geh_mu
Coc:1:    layout_ice_bergs
Coc:2:    layout_ice_bergs, door_vault
Coc:3:    layout_cocytus_water_paths
Coc:4:    layout_ice_bergs
Coc:5:    layout_ice_bergs
Coc:6:    layout_ice_bergs
Coc:7:    coc_grunt
Tar:1:    layout_grid_maze
Tar:2:    layout_catacombs
Tar:3:    layout_grid_maze
Tar:4:    layout_grid_maze, nicolae_tar_cuneiform_water, lemuel_elevator
Tar:5:    layout_catacombs
Tar:6:    layout_honeycomb
Tar:7:    tar_minmay_river
Zot:1:    hangedman_zot_vaults_quadrants, layout_onion_interference,
          hangedman_snake_sidewinding
Zot:2:    layout_gridlike
Zot:3:    layout_twisted_circle, st_stairs_2, zot_minivault_3
Zot:4:    lemuel_draconian_sentries, layout_basic
Zot:5:    layout_concentric_octagons

Skill      XL: |  1  2  3  4  5  6  7  8  9 10 11 12 13 14 15 16 17 18 19 20 21 22 23 24 25 26 27 |
---------------+----------------------------------------------------------------------------------+-----
Conjurations   | 2 3 4 5 6 7 8 9 10 11 12 13 14 21 | 21.1
Spellcasting   | 5 6 7 8 9 10 11 12 13 14 15 16 17 24 | 24.5
Invocations    | 1 2 3 4 5 6 7 8 9 10 11 12 13 14 15 16 17 18 25 | 25.9
Fighting       | 1 2 3 4 5 6 7 8 9 10 11 12 13 14 15 16 24 | 24.2
Short Blades   | 1 2 3 4 5 6 7 8 9 10 11 12 13 14 15 16 24 | 24.2
Long Blades    | 1 2 3 4 5 6 7 8 9 10 11 12 13 14 15 16 24 | 24.2
Axes           | 1 2 3 4 5 6 7 8 9 10 11 12 13 14 15 16 24 | 24.2
Maces & Flails | 1 2 3 4 5 6 7 8 9 10 11 12 13 14 15 16 24 | 24.2
Polearms       | 1 2 3 4 5 6 7 8 9 10 11 12 13 14 15 16 24 | 24.2
Staves         | 1 2 3 4 5 6 7 8 9 10 11 12 13 14 15 16 24 | 24.2
Slings         | 1 2 3 4 5 6 7 8 9 10 11 12 13 14 15 16 24 | 24.2
Bows           | 1 2 3 4 5 6 7 8 9 10 11 12 13 14 15 16 24 | 24.2
Crossbows      | 1 2 3 4 5 6 7 8 9 10 11 12 13 14 15 16 24 | 24.2
Throwing       | 1 2 3 4 5 6 7 8 9 10 11 12 13 14 15 16 24 | 24.2
Armour         | 1 2 3 4 5 6 7 8 9 10 11 12 13 14 15 16 24 | 24.2
Shields        | 1 2 3 4 5 6 7 8 9 10 12 13 14 15 16 17 18 19 20 21 27 | 27.0
Unarmed Combat | 1 2 3 4 5 6 7 8 9 10 11 12 13 14 15 16 24 | 24.2
Evocations     | 1 2 3 4 5 6 7 8 9 10 11 12 13 14 15 16 24 | 24.2
Hexes          | 1 2 3 4 5 6 7 8 9 10 11 12 13 14 21 | 21.1
Charms         | 1 2 3 4 5 6 7 8 9 10 11 12 13 14 21 | 21.1
Summonings     | 1 2 3 4 5 6 7 8 9 10 11 12 13 14 21 | 21.1
Necromancy     | 1 2 3 4 5 6 7 8 9 10 11 12 13 14 21 | 21.1
Translocations | 1 2 3 4 5 6 7 8 9 10 11 12 13 14 21 | 21.1
Transmutations | 1 2 3 4 5 6 7 8 9 10 11 12 13 14 21 | 21.1
Fire Magic     | 1 2 3 4 5 6 7 8 9 10 11 12 13 14 21 | 21.1
Air Magic      | 1 2 3 4 5 6 7 8 9 10 11 12 13 14 21 | 21.1
Earth Magic    | 1 2 3 4 5 6 7 8 9 10 11 12 13 14 21 | 21.1
Poison Magic   | 1 2 3 4 5 6 7 8 9 10 11 12 13 14 21 | 21.1
Dodging        | 5 6 7 8 9 10 11 12 13 14 15 16 17 27 | 27.0
Stealth        | 5 6 7 8 9 10 11 12 13 14 15 16 17 24 | 24.4
Ice Magic      | 6 7 8 9 10 11 12 13 14 15 21 | 21.5

Action                   |  1- 3 |  4- 6 |  7- 9 | 10-12 | 13-15 | 16-18 | 19-21 | 22-24 | 25-27 || total
-------------------------+-------+-------+-------+-------+-------+-------+-------+-------+-------++-------
Melee: Unarmed           |     1 |       |       |       |       |       |       |       |       ||     1
       Dagger            |       |       |    89 |   235 |   451 |       |       |       |       ||   775
       Mace              |       |       |   110 |    53 |    16 |       |       |       |       ||   179
       Bite              |       |       |    18 |    64 |   341 |   411 |   359 |   314 |  1079 ||  2586
       Punch             |       |       |     1 |       |       |       |       |       |       ||     1
       Eveningstar       |       |       |       |       |  1157 |   206 |   241 |  1037 |  1125 ||  3766
       Quick blade       |       |       |       |       |   488 |  2595 |   357 |       |       ||  3440
       Broad axe         |       |       |       |       |       |       |  1462 |   956 |   398 ||  2816
       Double sword      |       |       |       |       |       |       |       |       |  5125 ||  5125
       Headbutt          |       |       |       |       |       |       |       |       |    89 ||    89
       Kick              |       |       |       |       |       |       |       |       |    35 ||    35
 Fire: Hunting sling     |    15 |    77 |     8 |       |       |       |       |       |       ||   100
       Hand crossbow     |       |       |       |    29 |     4 |       |    24 |       |       ||    57
Throw: Boomerang         |       |       |    45 |    85 |     9 |       |       |       |       ||   139
       Dart              |       |       |     7 |    63 |    54 |       |       |       |       ||   124
       Javelin           |       |       |       |       |       |    14 |     7 |    35 |    83 ||   139
 Cast: Freeze            |    12 |    32 |   133 |   323 |     9 |       |       |       |       ||   509
       Throw Frost       |    16 |    39 |    39 |    16 |       |       |     2 |       |       ||   112
       Ozocubu's Armour  |       |       |     3 |     1 |       |       |       |       |       ||     4
       Confusing Touch   |       |       |     1 |    31 |    60 |       |       |       |       ||    92
       Mephitic Cloud    |       |       |       |     4 |     9 |       |     5 |     2 |       ||    20
       Olgreb's Toxic Ra |       |       |       |     2 |    12 |     3 |    11 |    14 |    11 ||    53
       Regeneration      |       |       |       |       |    11 |    34 |    11 |     9 |   171 ||   236
       Force Lance       |       |       |       |       |     3 |     3 |       |       |     5 ||    11
       Tukima's Dance    |       |       |       |       |       |       |     9 |       |       ||     9
       Borgnjor's Vile C |       |       |       |       |       |       |       |     3 |     9 ||    12
       Aura of Abjuratio |       |       |       |       |       |       |       |     1 |    45 ||    46
       Airstrike         |       |       |       |       |       |       |       |       |     5 ||     5
       Deflect Missiles  |       |       |       |       |       |       |       |       |    20 ||    20
       Statue Form       |       |       |       |       |       |       |       |       |    73 ||    73
       Blink             |       |       |       |       |       |       |       |       |    49 ||    49
       Shatter           |       |       |       |       |       |       |       |       |    23 ||    23
       Irradiate         |       |       |       |       |       |       |       |       |     7 ||     7
       Tornado           |       |       |       |       |       |       |       |       |     2 ||     2
       Ignition          |       |       |       |       |       |       |       |       |     1 ||     1
       Ring of Flames    |       |       |       |       |       |       |       |       |     1 ||     1
Invok: Call Merchant     |       |       |       |     2 |     2 |     1 |     3 |       |     4 ||    12
       Potion Petition   |       |       |       |       |       |       |       |       |    15 ||    15
       Bribe Branch      |       |       |       |       |       |       |       |       |     3 ||     3
 Abil: End Transformatio |       |       |       |       |       |       |       |       |     1 ||     1
Evoke: Wand              |       |       |     9 |    75 |     4 |     7 |     4 |     5 |    24 ||   128
       Lightning rod     |       |       |       |       |       |     4 |     4 |     8 |       ||    16
       Lamp of fire      |       |       |       |       |       |       |       |     1 |     5 ||     6
       Sceptre of Asmode |       |       |       |       |       |       |       |       |     2 ||     2
       Phantom mirror    |       |       |       |       |       |       |       |       |     2 ||     2
  Use: Scroll            |       |     1 |     6 |    14 |    20 |    10 |    18 |    11 |    56 ||   136
       Potion            |       |       |       |       |     5 |     5 |       |       |    32 ||    42
 Stab: Sleeping          |       |       |     9 |     4 |    22 |    14 |    21 |     3 |     2 ||    75
       Distracted        |       |       |     1 |     1 |    13 |    10 |    19 |    14 |   171 ||   229
       Confused          |       |       |       |    34 |    49 |       |     6 |     3 |       ||    92
       Invisible         |       |       |       |     2 |       |       |       |       |     5 ||     7
       Petrified         |       |       |       |       |     2 |       |     8 |       |       ||    10
       Paralysed         |       |       |       |       |       |       |     2 |     3 |       ||     5
  Eat: Chunk             |     2 |     7 |     7 |       |       |       |       |       |       ||    16
       Ration            |       |       |     3 |     7 |    15 |    11 |    12 |    10 |    44 ||   102
Armor: Robe              |     1 |     2 |       |       |       |       |       |       |       ||     3
       Leather armour    |       |     5 |   111 |    72 |       |       |       |       |       ||   188
       Fire dragon scale |       |       |       |    35 |    44 |   251 |   420 |   167 |       ||   917
       Scale mail        |       |       |       |     4 |   313 |       |       |       |       ||   317
       Ring mail         |       |       |       |       |     1 |       |       |    97 |       ||    98
       Crystal plate arm |       |       |       |       |       |       |       |   259 |  1583 ||  1842
       Skin              |       |       |       |       |       |       |       |       |   525 ||   525
Dodge: Dodged            |     3 |    35 |   321 |   331 |  1160 |   732 |   787 |   419 |  1705 ||  5493
       Deflected         |       |     1 |     3 |    10 |    27 |    85 |    45 |    22 |   174 ||   367
Block: Buckler           |       |       |       |   182 |   721 |       |       |       |       ||   903
       Shield            |       |       |       |       |    30 |   980 |  1650 |  2872 |  9209 || 14741
       Reflection        |       |       |       |       |       |       |       |       |   142 ||   142
       Rpst.: Double sword |       |       |       |       |       |       |       |       |   226 ||   226
